 Dungeon Crawl Stone Soup version 0.32-a0-450-g080537f31e (webtiles) character file.

Game seed: 9475287420465932063

27279130 bakla the Dissolving Goblin (level 27, 307/307 HPs)
             Began as a Coglin Warper on Feb 22, 2024.
             Was an Elder of Jiyva.
             Escaped with the Orb
             ... and 15 runes
             ... and 5 gems on Feb 23, 2024!
             The game lasted 03:31:58 (55798 turns).

bakla the Dissolving Goblin (Coglin Warper)        Turns: 55798, Time: 03:31:59

Health: 307/307    AC: 26    Str: 22      XL:     27
Magic:  10/39      EV: 40    Int: 14      God:    Jiyva [****..]
Gold:   4852       SH:  2    Dex: 29 (30) Spells: 28/48 levels left

rFire   + + .        l - +6 dagger "Wovvausu" {speed, ^Fragile Fly rC+ Dex+6}
rCold   + + +        O - +8 double sword (heavy) {Berta}
rNeg    + + +        a - +1 robe of Vines {NoPotionHeal Regen++++}
rPois   ∞            g - +2 helmet
rElec   +            F - +2 cloak {rPois}
rCorr   +            P - +3 pair of gloves of Broken Taboos {rPois Regen+ Str+3}
SInv    +            V - +2 pair of boots {Stlth+}
Will    +++++        q - amulet "Erghatun" {RegenMP rElec Will+++ rCorr Int-2}
Stlth   ++           i - ring "Astothuz" {rF+ rC+ Str+3 Int+2 Slay+4}
HPRegen 5.99/turn    R - ring of the Octopus King {HP+2 AC+2 EV+2 SH+2 SInv}
MPRegen 1.30/turn

%: clarity
@: death-form, flying, studying 2 skills
A: vile attack, torment immunity, no potions, off-hand wielding, slow wielding,
warmup strikes, legs shutdown, iridescent scales 1, clarity, fire resistance 1,
sense surroundings 1, poison resistance, robust 3, strong 1, wild magic 2,
eyeballs 1, translucent skin 3, evolution 1, jelly absorbing missiles, engulf,
persistent drain
0: Orb of Zot
}: 15/15 runes: decaying, slimy, silver, golden, iron, obsidian, icy, bone,
abyssal, demonic, glowing, magical, fiery, dark, gossamer
a: Siphon Essence, Begin Untransformation, Renounce Religion, Oozemancy, Slimify


You escaped.
You worshipped Jiyva.
Jiyva was greatly pleased with you.
You were an undying horror.
You visited 18 branches of the dungeon, and saw 88 of its levels.
You visited Pandemonium 4 times, and saw 30 of its levels.
You visited the Abyss 1 time.
You visited 1 bazaar.
You visited 1 ziggurat, and saw 14 of its levels.
You also visited: Bailey.

You collected 7638 gold pieces.
You spent 2786 gold pieces at shops.

Inventory:

Hand Weapons
 l - the +6 dagger "Wovvausu" (weapon) {speed, ^Fragile Fly rC+ Dex+6}
   (You found it in Pandemonium)

   Dex+6:     It affects your dexterity (+6).
   rC+:       It protects you from cold.
   Fly:       It grants you flight.
   ^Fragile:  It will be destroyed if unequipped.
 I - a +1 demon blade of freezing {Lan}
 O - a +8 heavy double sword (offhand) {Berta}
Armour
 a - the +1 robe of Vines (worn) {NoPotionHeal Regen++++}
   (You took it off a yaktaur captain on level 5 of the Vaults)

   NoPotionHeal: Its wearer cannot be healed by potions.
   Regen++++: It increases your rate of health regeneration.
 f - the +5 ring mail of the Harvest {Will+++ Str+4 Int-3}
   (You found it on level 4 of the Swamp)

   Str+4:     It affects your strength (+4).
   Int-3:     It affects your intelligence (-3).
   Will+++:   It greatly increases your willpower.
 g - a +2 helmet (worn)
 F - a +2 cloak of poison resistance (worn)
 P - the +3 pair of gloves of Broken Taboos (worn) {rPois Regen+ Str+3}
   (Okawaru gifted it to you on level 1 of the Lair of Beasts)

   Str+3:     It affects your strength (+3).
   rPois:     It protects you from poison Regen+: It increases your rate of
   health regeneration.
 V - a +2 pair of boots of stealth (worn)
Jewellery
 c - a ring of see invisible
 i - the ring "Astothuz" (left grasper) {rF+ rC+ Str+3 Int+2 Slay+4}
   (You found it on level 13 of a ziggurat)

   [ring of slaying]

   Str+3:     It affects your strength (+3).
   Int+2:     It affects your intelligence (+2).
   Slay+4:    It affects your accuracy & damage with ranged weapons and melee
   (+4).
   rF+:       It protects you from fire.
   rC+:       It protects you from cold.
 j - the ring of the Shishi {rPois rC+ rN+ Int+7 Stlth-}
   (You found it on level 5 of the Pits of Slime)

   [ring of positive energy]

   Int+7:     It affects your intelligence (+7).
   rC+:       It protects you from cold.
   rPois:     It protects you from poison rN+: It protects you from negative
   energy.
   Stlth-:    It makes you less stealthy.
 q - the amulet "Erghatun" (around neck) {RegenMP rElec Will+++ rCorr Int-2}
   (You found it on level 11 of a ziggurat)

   [amulet of magic regeneration]

   RegenMP:   It increases your rate of magic regeneration.
   Int-2:     It affects your intelligence (-2).
   rElec:     It insulates you from electricity.
   Will+++:   It greatly increases your willpower.
   rCorr:     It protects you from acid and corrosion.
 y - the ring "Keewk" {rCorr Dex+3 SInv}
   (You found it on level 7 of Cocytus)

   [ring of see invisible]

   Dex+3:     It affects your dexterity (+3).
   SInv:      It lets you see invisible.
   rCorr:     It protects you from acid and corrosion.
 H - the ring "Nauqai" {Fly Str+3}
   (You found it on level 4 of the Spider Nest)

   [ring of flight]

   Str+3:     It affects your strength (+3).
   Fly:       It grants you flight.
 J - the amulet "Teone" {Reflect rF+ rCorr SH+5}
   (You found it on level 5 of the Vaults)

   [amulet of reflection]

   Reflect:   It reflects blocked missile attacks.
   rF+:       It protects you from fire.
   rCorr:     It protects you from acid and corrosion.
   SH+5:      It affects your SH (+5).
 N - the ring "Hyfuhuok" {rC+ AC+4 Int+3 Dex+3}
   (You took it off a deep elf master archer on level 3 of the Elven Halls)

   [ring of protection]

   AC+4:      It affects your AC (+4).
   Int+3:     It affects your intelligence (+3).
   Dex+3:     It affects your dexterity (+3).
   rC+:       It protects you from cold.
 R - a ring of the Octopus King (right grasper) {HP+2 AC+2 EV+2 SH+2 SInv}
   (You found it on level 5 of the Vaults)

   [ring of see invisible]

   AC+2:      It affects your AC (+2).
   EV+2:      It affects your evasion (+2).
   HP+2:      It affects your health (+2).
   SInv:      It lets you see invisible.
   SH+2:      It affects your SH (+2).
Talismans
 t - a granite talisman
 D - a talisman of death (active)
Wands
 e - a wand of quicksilver (42)
 w - a wand of digging (18)
 Y - a wand of charming (33)
 Z - a wand of flame (62)
Scrolls
 b - 4 scrolls of silence
 d - 2 scrolls of summoning
 k - 4 scrolls of teleportation
 p - 10 scrolls of fog
 A - 8 scrolls of immolation
 S - 5 scrolls of blinking
 T - 2 scrolls of enchant armour
 W - 10 scrolls of fear
 X - 8 scrolls of vulnerability
Potions
 h - 9 potions of heal wounds
 m - 14 potions of ambrosia
 n - 7 potions of lignification
 o - 15 potions of enlightenment
 r - 4 potions of might
 s - 17 potions of mutation
 v - a potion of haste
 x - 5 potions of resistance
 z - 10 potions of invisibility
 B - 2 potions of cancellation
 C - 6 potions of brilliance
 K - 6 potions of attraction
 M - 10 potions of curing
Miscellaneous
 u - a phial of floods
 E - a box of beasts
 L - a lightning rod (4/4)
 U - a phantom mirror


   Skills:
 - Level 23.0 Fighting
 - Level 2.6(10.0) Short Blades
 - Level 16.0(16.1) Long Blades
 - Level 0.8 Throwing
 - Level 23.0 Armour
 - Level 23.0 Dodging
 - Level 11.0 Spellcasting
 - Level 16.0 Translocations
 - Level 5.0 Earth Magic
 + Level 24.6 Invocations
 - Level 20.0 Evocations
 - Level 23.0 Shapeshifting


You had 28 spell levels left.
You knew the following spells:

 Your Spells              Type           Power      Damage    Failure   Level
a - Blink                 Tloc           100%       N/A       1%          2
b - Manifold Assault      Tloc           71%        N/A       1%          4
c - Vhi's Electric Charg  Tloc/Air       96%        N/A       10%         4
d - Apportation           Tloc           100%       N/A       1%          1
e - Dispersal             Tloc           35%        N/A       6%          6
f - Passwall              Erth           34%        N/A       10%         3

Your spell library contained the following spells:

 Spells                   Type           Power      Damage    Failure   Level
 Lesser Beckoning         Tloc           100%       N/A       1%          2
 Gell's Gravitas          Tloc           71%        N/A       1%          3
 Teleport Other           Tloc           71%        N/A       1%          3
 Passage of Golubria      Tloc           71%        N/A       1%          4
 Momentum Strike          Conj/Tloc      96%        3d10      2%          2
 Dimensional Bullseye     Hex/Tloc       24%        N/A       10%         4
 Iskenderun's Mystic Bla  Conj/Tloc      48%        2d11      10%         4
 Foxfire                  Conj/Fire      48%        2x1d6     21%         1
 Freeze                   Ice            48%        1d6       21%         1
 Kiss of Death            Conj/Necr      48%        2d9       21%         1
 Magic Dart               Conj           48%        1d5       21%         1
 Necrotise                Necr           48%        1d6       21%         1
 Slow                     Hex            48%        N/A       21%         1
 Sting                    Conj/Alch      48%        1d6       21%         1
 Summon Small Mammal      Summ           48%        N/A       21%         1
 Summon Forest            Summ/Tloc      24%        N/A       21%         5
 Call Imp                 Summ           24%        N/A       28%         2
 Cigotuvi's Dreadful Rot  Necr/Alch/Air  24%        N/A       28%         2
 Ensorcelled Hibernation  Hex/Ice        24%        N/A       28%         2
 Scorch                   Fire           24%        2d6       28%         2
 Static Discharge         Conj/Air       24%        3-4/arc   28%         2
 Sublimation of Blood     Necr           12%        N/A       28%         2
 Call Canine Familiar     Summ           12%        N/A       45%         3
 Confusing Touch          Hex            12%        N/A       45%         3
 Dazzling Flash           Conj/Hex       24%        N/A       45%         3
 Frozen Ramparts          Ice            24%        1d4       45%         3
 Hailstorm                Conj/Ice       12%        3d6       45%         3
 Inner Flame              Hex/Fire       12%        N/A       45%         3
 Mephitic Cloud           Conj/Alch/Air  12%        N/A       45%         3
 Sigil of Binding         Hex            12%        N/A       45%         3
 Summon Ice Beast         Ice/Summ       12%        N/A       45%         3
 Swiftness                Air            12%        N/A       45%         3
 Tukima's Dance           Hex            12%        N/A       45%         3
 Vampiric Draining        Necr           12%        2d6       45%         3
 Brom's Barrelling Bould  Conj/Erth      23%        2d4       50%         4
 Petrify                  Alch/Erth      23%        N/A       50%         4
 Airstrike                Air            6%         2d(1-17)  82%         4
 Anguish                  Hex/Necr       6%         N/A       82%         4
 Animate Dead             Necr           12%        N/A       82%         4
 Cause Fear               Hex            6%         N/A       82%         4
 Dispel Undead            Necr           12%        3d9       82%         4
 Flame Wave               Conj/Fire      12%        2d6       82%         4
 Martyr's Knell           Necr/Summ      12%        N/A       82%         4
 Sticky Flame             Fire/Alch      12%        2d5       82%         4
 Summon Blazeheart Golem  Fire/Summ      12%        N/A       82%         4
 Summon Lightning Spire   Summ/Air       12%        N/A       82%         4
 Borgnjor's Vile Clutch   Necr/Erth      11%        N/A       82%         5
 Alistair's Intoxication  Alch           8%         N/A       98%         5
 Curse of Agony           Necr           12%        N/A       98%         5
 Fireball                 Conj/Fire      6%         3d5       98%         5
 Freezing Cloud           Conj/Ice/Air   6%         6-21      98%         5
 Irradiate                Conj/Alch      6%         3d13      98%         5
 Iskenderun's Battlesphe  Conj           12%        2d7       98%         5
 Metabolic Englaciation   Hex/Ice        6%         N/A       98%         5
 Silence                  Hex/Air        6%         N/A       98%         5
 Summon Mana Viper        Hex/Summ       12%        N/A       98%         5
 Yara's Violent Unravell  Hex/Alch       6%         3d5       98%         5
 Bombard                  Conj/Erth      11%        9d3       100%        6
 Conjure Ball Lightning   Conj/Air       6%         3x3d6     100%        6
 Death Channel            Necr           6%         N/A       100%        6
 Eringya's Noxious Bog    Alch           6%         4d6       100%        6
 Plasma Beam              Fire/Air       6%         2x1d16    100%        6
 Sculpt Simulacrum        Ice/Alch       6%         N/A       100%        6
 Starburst                Conj/Fire      6%         6d4       100%        6
 Haunt                    Necr/Summ      6%         N/A       100%        7
 Orb of Destruction       Conj           6%         9d6       100%        7
 Summon Hydra             Summ           6%         N/A       100%        7
 Ignition                 Fire           6%         3d4       100%        8
 Infestation              Necr           6%         N/A       100%        8
 Lehudib's Crystal Spear  Conj/Erth      11%        10d4      100%        8
 Death's Door             Necr           6%         N/A       100%        9
 Dragon's Call            Summ           6%         N/A       100%        9


Dungeon Overview and Level Annotations

Branches:
Dungeon (15/15)            Temple (1/1) D:4            Lair (5/5) D:11
  Swamp (4/4) Lair:2       Spider (4/4) Lair:2        Slime (5/5) Lair:5
    Orc (2/2) D:12            Elf (3/3) Orc:2        Vaults (5/5) D:13
  Crypt (3/3) Vaults:3       Tomb (3/3) Crypt:3      Depths (4/4) D:15
   Hell (visited)             Dis (7/7) Hell            Geh (7/7) Hell
    Coc (7/7) Hell            Tar (7/7) Hell            Zot (5/5) Depths:4
 Bailey (visited)

Altars:
Ashenzari
Cheibriados
Dithmenos
Elyvilon
Fedhas
Gozag
Hepliaklqana
Kikubaaqudgha
Makhleb
Nemelex Xobeh
Okawaru
Qazlal
Ru
Sif Muna
Trog
Uskayaw
Vehumet
Wu Jian
Xom
Yredelemnul
Zin
The Shining One
Jiyva

Shops:
D:2 *   D:5 (   Orc:2 (?*:   Elf:1 [   Elf:3 :   Vaults:2 (   Vaults:3 (
Depths:2 =:=

Portals:
Hell: Depths:1 Depths:2 Depths:4
Abyss: Depths:1 Depths:2
Pandemonium: Depths:2
Trove: Depths:3 (give +5 ice dragon scales)

Annotations:
Swamp:3 2 runed translucent doors, backslashecho's ghost, adept MDSu
Slime:5 Royal Jelly
Orc:1 3 runed translucent doors, Liray's ghost, journeyman FeSu


Innate Abilities, Weirdness & Mutations

You are an undying horror.
Your melee and unarmed attacks drain, slow and weaken victims.
You are immune to unholy pain and torment.
You cannot drink.
You can wield a second weapon in your off-hand.
It takes a long time for you to wield or remove held weapons.
Your first few attacks do less damage.
Attacking and casting redirects power from your legs.
You are partially covered in iridescent scales. (AC +2)
You possess an exceptional clarity of mind.
Your flesh is heat resistant. (rF+)
You passively map a small area around you.
Your system is resistant to poisons. (rPois)
You are extremely robust. (+30% HP)
Your muscles are strong. (Str +4, Int/Dex -1)
Your spells are harder to cast, but more powerful.
Your body has grown eyes which may confuse attackers. (Acc +3)
Your transparent skin significantly reduces your foes' accuracy. (Stealth+)
You have hidden genetic potential.
You have a small jelly attached to you that may absorb projectiles.
Your melee attacks may engulf your foes in ooze.
Your health recovers twice as slowly from being drained.


Message History

Space momentarily warps into an impossible shape!
You closely miss the shadow demon with your +8 heavy double sword.
You puncture the shadow demon with the +6 dagger "Wovvausu"!
The shadow demon decays.
Space momentarily warps into an impossible shape!
You hit the shadow demon with the +6 dagger "Wovvausu".
The shadow demon decays.
You barely miss the shadow demon with your +8 heavy double sword.
Space momentarily warps into an impossible shape!
You slice the shadow demon with your +8 heavy double sword!!
The shadow demon decays.
You hit the shadow demon with the +6 dagger "Wovvausu".
The shadow demon decays.
Space momentarily warps into an impossible shape!
You puncture the shadow demon with the +6 dagger "Wovvausu"!
The shadow demon decays.
You slash the shadow demon with your +8 heavy double sword!
You kill the shadow demon!
You can't see any susceptible monsters within range! (Use Z to cast anyway.)
A thick mucus forms on the +6 dagger "Wovvausu" {speed, ^Fragile Fly rC+ Dex+6}.
A thick mucus forms on the +6 dagger "Wovvausu" {speed, ^Fragile Fly rC+ Dex+6}.
A thick mucus forms on the +6 dagger "Wovvausu" {speed, ^Fragile Fly rC+ Dex+6}.
A thick mucus forms on the +6 dagger "Wovvausu" {speed, ^Fragile Fly rC+ Dex+6}.
An Orb Guardian comes into view.
A thick mucus forms on the +6 dagger "Wovvausu" {speed, ^Fragile Fly rC+ Dex+6}.
A thick mucus forms on the +6 dagger "Wovvausu" {speed, ^Fragile Fly rC+ Dex+6}.
A thick mucus forms on the +6 dagger "Wovvausu" {speed, ^Fragile Fly rC+ Dex+6}.
You will no longer expel jellies when injured.
The Orb Guardian misses you. The Orb Guardian completely misses you.
You completely miss the Orb Guardian with your +8 heavy double sword.
You closely miss the Orb Guardian with the +6 dagger "Wovvausu".
The Orb Guardian barely misses you.
The Orb Guardian quivers uncontrollably and liquefies into an azure jelly!
You swap places.
There is a staircase leading out of the dungeon here.
The azure jelly hits the plant.
The plant begins to die.
The azure jelly freezes the plant!!!
The azure jelly hits the plant!
The azure jelly freezes the plant!!
The azure jelly hits the plant.
The azure jelly hits the plant!
You have escaped!

########## ###........#
#...######.######
#.###~~~~♣~♣~~~~# #######.#
#~.P.....P.~# #.......#
#~PPP...PPP~#
#.[..######♣.PJ....P.♣###
#....##....~....z....~..##
#....##...#♣.P.....♣.♣#..####
#
#....##...#~PPP...♣♣♣~#.....#
#
#....####.#~.P.....♣.~#.....#
### #....#
#.#~...♣.♣...~#.....# #..
#....# #.#~~~~♣.♣~~~~#.....#
#.. #....#
#.######.######...÷.# #..
###.## #.##.# #............#
#.. #.# #.#..# ######...#####
#..


You could see a neutral azure jelly (wandering) (fellow slime).

Vanquished Creatures
  Cerebov (Pan)
  Antaeus (Coc:7)
  Mnoleg (Pan)
  Ignacio (Pan)
  Gloorx Vloq (Pan)
  Asmodeus (Geh:7)
  2 seraphim the Serpent of Hell (Geh:7)
  9 pandemonium lords
  Lom Lobon (Pan)
  Dispater (Dis:7)
  4 ancient liches
  9 dread liches
  A juggernaut (Dis:7)
  2 orbs of fire (Zot:5)
  Mennas (Depths:4)
  Sojobo (Depths:4)
  33 royal mummies
  20 shard shrikes
  9 Killer Klowns (Zot:5)
  Geryon (Hell)
  17 caustic shrikes
  A curse toe (Zot:5)
  8 golden dragons
  Nikola (Elf:1)
  2 profane servitors
  Jory (Depths:4)
  11 bone dragons
  11 doom hounds
  14 Tzitzimimeh
  2 electric golems (Zot:5)
  23 Hell Sentinels
  11 iron giants
  12 Brimstone Fiends
  20 tentacled monstrosities
  Rupert (Lair:4)
  5 liches
  10 hellephants
  27 Orb Guardians
  30 Ice Fiends
  3 deep elf blademasters
  6 quicksilver dragons
  A walking earthen tome (Depths:3)
  6 tainted leviathans
  5 deep elf master archers
  17 titans
  A walking divine tome (Depths:3)
  19 searing wretches
  15 sphinxes
  14 ancient champions
  The ghost of Sirjeffry24 the Brawler, an adept DrSh of Beogh (Spider:4)
  A tentacled starspawn (Abyss:2)
  A thorn hunter (Swamp:1)
  4 death cobs
  9 storm dragons
  23 Executioners
  Kirke (D:13)
  5 revenants
  4 shadow dragons
  7 tengu reavers
  6 protean progenitors
  21 fire giants
  15 narguns
  3 nagarajas (Zig:13)
  A fenstrider witch (Swamp:4)
  A draconian scorcher (Depths:4)
  12 demonspawn warmongers (Pan)
  2 daevas
  5 deep elf sorcerers
  18 vault wardens
  46 balrugs
  3 iron dragons
  8 emperor scorpions
  The ghost of Biggs the Spry, a journeyman CoGl of Wu Jian (Lair:3)
  21 frost giants
  5 draconian shifters
  3 draconian knights
  A spectral caustic shrike (Tar:2)
  11 shard shrike simulacra
  2 curse skulls
  6 quicksilver elementals
  2 juggernaut zombies
  2 deep elf elementalists (Elf:3)
  20 cacodemons
  6 angels
  6 ghost moths
  30 reapers
  23 ironbound preservers
  21 demonspawn blood saints (Pan)
  2 draconian annihilators
  2 broodmothers
  4 orc warlords
  14 very ugly things
  3 draconian stormcallers
  3 ghouls
  17 stone giants
  4 ophanim (Pan)
  A spriggan defender (Depths:3)
  6 demonspawn corrupters (Pan)
  4 juggernaut skeletons (Pan)
  3 caustic shrike skeletons (Pan)
  7 ironbound thunderhulks
  8 putrid mouths
  18 elemental wellsprings
  19 wendigos
  9 vampire knights
  15 bennus
  4 green draconians
  7 black draconians
  7 deep elf annihilators
  8 deep elf demonologists
  7 lorocyprocas
  15 deep elf death magi
  14 demonspawn black suns (Pan)
  13 war gargoyles
  4 bunyips
  3 eleionomae
  Azrael (D:13)
  5 minotaurs
  A white draconian (Zot:4)
  5 yellow draconians
  23 dire elephants
  19 spark wasps
  7 eidola
  3 red draconians
  4 purple draconians
  16 green deaths
  Josephine (Orc:2)
  15 ettins
  23 blizzard demons
  3 crystal guardians
  9 iron golems
  5 merfolk javelineers
  2 quicksilver dragon zombies
  21 mummy priests
  A spectral spriggan (Tar:5)
  6 fire dragons
  12 jiangshi
  2 merfolk impalers
  5 deep elf high priests
  22 yaktaur captains
  A kraken zombie (Hell)
  12 entropy weavers
  A spectral iron giant (Tar:2)
  15 salamander tyrants
  8 caustic shrike simulacra
  2 shambling mangroves
  26 vault guards
  8 hell beasts (Pan)
  8 juggernaut simulacra
  16 hydras
  2 catoblepae
  An anaconda (Zig:4)
  4 spriggan air magi
  2 ghost crabs
  7 ice dragons
  3 peacekeepers
  3 ogre magi
  5 ironbound frosthearts
  4 rakshasas
  7 jorogumos
  3 merfolk aquamancers (Zig:11)
  7 two-headed ogres
  15 alligators
  An alligator snapping turtle (Zig:7)
  8 stokers
  30 dancing weapons
  2 death knights (Crypt:1)
  2 spriggan skeletons
  3 radroaches
  7 centaur warriors
  6 deep troll shamans
  2 satyrs
  5 tengu warriors
  14 death yaks
  17 boulder beetles
  4 naga warriors
  A titan zombie (Crypt:1)
  26 hell hogs
  5 orc high priests
  3 deep troll earth magi
  7 vampire magi
  51 death scarabs
  14 demonic crawlers
  5 spriggan berserkers
  3 shock serpents (Zig:13)
  6 crystal echidnas
  5 occultists
  5 naga sharpshooters
  A spectral naga (Tar:5)
  3 thrashing horrors (Abyss:3)
  54 sun demons
  4 spectral dire elephants
  14 deep elf knights
  33 skeletal warriors
  8 hell knights
  3 iron trolls
  43 soul eaters
  3 pharaoh ants
  2 storm dragon zombies
  9 shadow wraiths
  A titan skeleton (Depths:2)
  4 wretched stars
  3 goliath frogs
  A spectral bunyip (Tar:2)
  4 hellephant skeletons (Pan)
  A spatial maelstrom (Abyss:3)
  6 orb spiders
  27 sixfirhies
  5 sea snakes
  5 cherubim
  3 spark wasp zombies
  5 spriggan druids
  4 quicksilver dragon simulacra
  An iron giant zombie (Crypt:3)
  64 deep trolls
  A bunyip skeleton (Crypt:3)
  8 arcanists
  2 mana vipers
  5 spriggan simulacra
  13 swamp dragons
  15 deep elf archers
  17 shadow demons
  9 flayed ghosts
  16 phantasmal warriors
  Pikel (D:5)
  3 bog bodies
  A kraken simulacrum (Coc:7)
  2 starcursed masses (Abyss:3)
  14 necromancers
  A golden dragon skeleton (Depths:2)
  18 ironbound convokers
  5 sun moths (Pan)
  2 naga ritualists
  An anaconda skeleton (Hell)
  5 lindwurms (Vaults:2)
  5 steelbarb worms
  22 orc knights
  30 deep elf zephyrmancers
  2 iron dragon zombies
  A sphinx simulacrum (Depths:2)
  A tengu skeleton (Depths:2)
  An iron giant skeleton (Crypt:3)
  32 deep elf pyromancers
  A frost giant zombie (Crypt:2)
  13 wolf spiders
  3 salamanders
  29 ugly things
  2 fire giant zombies
  8 manticores
  Maurice (Orc:1)
  2 fauns (Zig:6)
  10 orc sorcerers
  A stone giant skeleton (Tomb:1)
  An alligator skeleton (Hell)
  An eleionoma zombie (Crypt:1)
  4 will-o-the-wisps
  2 ice statues (Hell)
  15 elephants
  5 cyclopes
  11 meliai
  19 black mambas
  14 moths of wrath
  A fire giant skeleton (Depths:2)
  2 centaur zombies
  A formless jellyfish zombie (Crypt:2)
  5 merfolk sirens
  13 rust devils
  A dire elephant zombie (Abyss:1)
  An apocalypse crab (Abyss:1)
  3 naga magi
  6 molten gargoyles (Geh:7)
  3 water nymphs
  6 guardian serpents
  4 kobold blastminers
  21 vault sentinels
  A gargoyle (D:11)
  5 torpor snails
  24 large abominations
  A titan simulacrum (Coc:7)
  12 hellions
  13 cane toads
  Jeremiah (D:6)
  3 rime drakes
  A dire elephant skeleton (Abyss:1)
  25 smoke demons
  27 orange demons
  4 centaur skeletons
  2 unseen horrors
  5 anaconda simulacra
  4 efreet (Pan)
  4 tengu conjurers
  27 yaktaurs
  11 freezing wraiths
  3 kobold demonologists
  A yaktaur (shapeshifter) (D:15)
  A great orb of eyes zombie (Crypt:1)
  23 tormentors
  10 komodo dragons
  A black draconian skeleton (Crypt:3)
  4 iron giant simulacra
  An alligator snapping turtle skeleton (Crypt:3)
  8 ice devils
  A merfolk (shapeshifter) (Zig:8)
  2 ancient zymes
  6 red devils (Pan)
  A redback zombie (Crypt:3)
  38 guardian mummies
  2 harpy zombies (Crypt:1)
  A pale draconian skeleton (Crypt:3)
  2 trolls
  A golden dragon simulacrum (Coc:7)
  A silent spectre (Tar:2)
  20 hellwings
  6 bloated husks
  9 merfolk
  9 polar bears (Lair:5)
  3 spectral harpies
  A red draconian skeleton (Crypt:3)
  2 hydra zombies
  2 shadow dragon simulacra
  10 hornets
  An unseen horror skeleton (Crypt:1)
  A queen bee (D:15)
  A wolf spider simulacrum (D:15)
  14 tarantellas
  7 tyrant leeches
  15 blink frogs
  A tengu simulacrum (Depths:2)
  3 harpy skeletons
  2 dream sheep (Lair:5)
  4 iron dragon simulacra
  2 hydra skeletons (Hell)
  A snapping turtle (Zig:11)
  A stone giant simulacrum (Coc:4)
  8 raiju
  4 air elementals
  2 ice dragon skeletons
  A guardian serpent skeleton (Crypt:2)
  A centaur simulacrum (D:14)
  29 jumping spiders
  7 spriggans
  4 dire elephant simulacra
  3 shadows
  An ettin skeleton (Tomb:1)
  2 vampires
  59 yaks
  A small abomination (Abyss:2)
  A fire dragon skeleton (Crypt:2)
  30 ynoxinuls
  24 culicivoras
  4 water elementals
  7 wyverns
  15 ushabtiu
  A culicivora (shapeshifter) (D:15)
  9 wraiths
  An alligator snapping turtle simulacrum (Crypt:3)
  A fire bat (Abyss:3)
  3 hogs (D:13)
  12 vampire mosquitoes
  15 wargs
  Grum (Lair:1)
  4 basilisks
  3 fire elementals
  3 steam dragons (D:8)
  49 redbacks
  8 chaos spawn
  14 neqoxecs
  A sea snake simulacrum (Hell)
  Edmund (D:6)
  24 harpy simulacra
  6 spatial vortices (Abyss:3)
  2 acid dragons
  19 hell hounds
  11 swamp worms
  9 nagas
  4 hydra simulacra
  A demonspawn skeleton (Crypt:2)
  11 water moccasins
  Duvessa (D:6)
  7 swamp drakes
  4 sky beasts
  27 orc warriors
  A glowing shapeshifter skeleton (Depths:2)
  A fire dragon simulacrum (Coc:1)
  3 ice beasts
  13 black bears
  3 ettin simulacra
  A manticore zombie (Crypt:2)
  A black mamba simulacrum (Coc:1)
  20 laughing skulls
  9 ogres
  41 wolves
  5 boggarts
  A hog zombie (Crypt:1)
  16 centaurs
  A lemure (D:5)
  A hog skeleton (Crypt:2)
  3 phantoms
  4 kobold brigands
  4 weeping skulls
  4 scorpions (D:4)
  15 bullfrogs
  4 naga simulacra
  A gnoll sergeant (D:5)
  2 earth elementals (Elf:2)
  A warg skeleton (Crypt:1)
  A wyvern skeleton (Crypt:3)
  A yak zombie (Crypt:3)
  12 wights
  Dowan (D:6)
  4 jellies
  22 killer bees (D:15)
  An electric eel (Lair:3)
  3 howler monkeys
  A bombardier beetle (D:6)
  A lava snake (D:7)
  A quasit (Abyss:3)
  2 gnoll boudas
  16 orc priests
  A hound (D:7)
  2 iguanas
  A sleepcap (D:5)
  20 orc wizards
  6 hell rats
  36 mummies
  Robin (D:1)
  17 gnolls
  6 adders
  3 shadow imps
  A white imp (D:7)
  3 ufetubi (D:7)
  An iguana skeleton (Crypt:1)
  4 dart slugs
  59 orcs
  7 endoplasms
  8 giant cockroaches
  9 hobgoblins
  8 jackals
  5 quokkas
  3 ball pythons
  6 bats
  3 frilled lizards (D:1)
  20 goblins
  29 kobolds
  7 rats
  5 aspiring fleshes
  2 ball lightnings (Pan)
  A creeping inferno (Geh:6)
  14 fire vortices
  A lurking horror (Abyss:2)
  A starspawn tentacle (Abyss:2)
3687 creatures vanquished.

Vanquished Creatures (collateral kills)
  Ereshkigal (Tar:7)
  A royal mummy (Tomb:3)
  A bone dragon (Tar:7)
  A doom hound (Tar:7)
  A titan (Spider:4)
  An ancient champion (Tomb:3)
  A demonspawn corrupter (Pan)
  A shambling mangrove (Swamp:3)
  An alligator (Swamp:3)
  2 death scarabs (Tomb:3)
  A deep elf knight (Spider:4)
  A skeletal warrior (Tomb:3)
  A tormentor (Tar:7)
  A guardian mummy (Tomb:3)
  2 hornets (Swamp:3)
  2 spriggans (Swamp:3)
19 creatures vanquished.

Vanquished Creatures (others)
  A shard shrike (Coc:6)
  An Ice Fiend (Coc:7)
  A lich (Depths:2)
  2 titans
  2 acid blobs (Slime:5)
  11 azure jellies
  2 rockslimes (Slime:5)
  A balrug (Pan)
  2 shard shrike simulacra (Coc:7)
  A stone giant (Slime:5)
  4 black draconians
  A wendigo (Coc:7)
  A minotaur (Swamp:3)
  A deep elf demonologist (Vaults:5)
  A yellow draconian (Slime:5)
  A merfolk impaler (Slime:5)
  6 great orbs of eyes
  2 caustic shrike simulacra
  4 juggernaut simulacra
  A merfolk aquamancer (Pan)
  A deep troll earth mage (Vaults:5)
  A shock serpent (shapeshifter) (Vaults:5)
  A deep elf knight (Swamp:2)
  A quicksilver dragon simulacrum (Coc:6)
  4 glowing orange brains
  A glowing orange brain (shapeshifter) (Depths:4)
  2 lindwurms (shapeshifter)
  3 spriggan simulacra
  An ironbound convoker (Vaults:1)
  A lindwurm (Vaults:2)
  2 deep elf pyromancers
  A harpy (Zig:11)
  An ugly thing (Depths:2)
  A faun (shapeshifter) (Vaults:5)
  A shining eye (Pan)
  A water nymph (D:15)
  A water nymph (shapeshifter) (D:15)
  An eye of devastation (shapeshifter) (Depths:3)
  A titan simulacrum (Coc:7)
  3 vault sentinels
  A rime drake (shapeshifter) (Vaults:5)
  A hellion (Geh:7)
  An unseen horror (D:11)
  2 anaconda simulacra (Coc:7)
  2 merfolk (Slime:5)
  A green draconian skeleton (Crypt:2)
  A dream sheep (shapeshifter) (Vaults:5)
  18 slime creatures
  A spriggan (Swamp:3)
  2 ynoxinuls (Pan)
  A redback (Vaults:2)
  4 harpy simulacra
  2 orc warriors (Vaults:5)
  3 boggarts (Vaults:2)
  252 jellies
  A quasit (Abyss:3)
  A jelly (shapeshifter) (Elf:3)
  2 orc priests
  2 orc wizards (Orc:2)
  3 mummies
  4 orcs
  A hobgoblin zombie (Crypt:1)
  3 ball lightnings (Pan)
  2 fire vortices
  2 foxfires (Swamp:3)
  A starspawn tentacle (Abyss:2)
  6 tentacles (Coc:7)
395 creatures vanquished.

Grand Total: 4101 creatures vanquished

Notes
Turn   | Place    | Note
-------+----------+-------------------------------------------
     0 | D:1      | bakla the Coglin Warper began the quest for the Orb.
     0 | D:1      | Reached XP level 1. HP: 16/16 MP: 3/3
   147 | D:1      | Reached XP level 2. HP: 22/22 MP: 4/4
   307 | D:1      | Reached XP level 3. HP: 27/27 MP: 5/5
   480 | D:1      | Found a faded altar of an unknown god.
   656 | D:2      | Noticed Robin
   742 | D:1      | Killed Robin
   879 | D:2      | Reached XP level 4. HP: 25/33 MP: 6/6
  1397 | D:2      | Found Vung's Assorted Antiques.
  1398 | D:2      | Found a burning altar of Makhleb.
  1404 | D:2      | Bought an orange potion for 20 gold pieces
  1404 | D:2      | Bought a scroll labelled OWNEADADOSK for 23 gold pieces
  1404 | D:2      | Bought a scroll labelled QUOVVU LOIRCHIE for 23 gold pieces
  1404 | D:2      | Bought a scroll labelled FINWY JIUSS for 23 gold pieces
  1773 | D:3      | Learned a level 2 spell: Blink
  2306 | D:4      | You fall into a shaft and drop 1 floor!
  2306 | D:5      | Entered Level 5 of the Dungeon
  2372 | D:4      | Reached skill level 5 in Long Blades
  2378 | D:4      | Reached XP level 5. HP: 38/38 MP: 7/7
  2540 | D:4      | Reached XP level 6. HP: 41/44 MP: 8/8
  2779 | D:4      | Found a staircase to the Ecumenical Temple.
  2790 | Temple   | Entered the Ecumenical Temple
  2795 | Temple   | Became a worshipper of Warmaster Okawaru
  2938 | D:4      | Found a glowing silver altar of Zin.
  2969 | D:4      | Reached XP level 7. HP: 47/50 MP: 9/9
  3134 | D:5      | Found an ornate altar of the Wu Jian Council.
  3209 | D:5      | Found Xejab's Weapon Emporium.
  3209 | D:5      | Noticed Pikel
  3231 | D:5      | Killed Pikel
  3231 | D:5      | Reached * piety under Okawaru
  3232 | D:5      | Reached XP level 8. HP: 33/56 MP: 10/10
  4372 | D:5      | Reached ** piety under Okawaru
  4504 | D:5      | Reached skill level 10 in Long Blades
  5086 | D:6      | Noticed Jeremiah
  5095 | D:6      | Killed Jeremiah
  5096 | D:6      | Reached XP level 9. HP: 17/65 MP: 11/11
  5368 | D:6      | Reached *** piety under Okawaru
  5716 | D:6      | Noticed Edmund
  5740 | D:6      | Killed Edmund
  5882 | D:6      | Noticed Duvessa
  5892 | D:6      | Killed Duvessa
  5893 | D:6      | Noticed Dowan
  5900 | D:6      | Killed Dowan
  5901 | D:6      | Reached skill level 5 in Fighting
  6205 | D:7      | Found a flagged portal.
  6266 | Bailey   | Entered a bailey
  6276 | Bailey   | Noticed an orc warlord
  6424 | Bailey   | Found a runed translucent gate.
  6426 | Bailey   | Found a runed translucent gate.
  6427 | Bailey   | Found a runed translucent gate.
  6678 | D:7      | Reached XP level 10. HP: 82/82 MP: 12/12
  7019 | D:7      | Reached **** piety under Okawaru
  7695 | D:7      | Found a bloodstained altar of Trog.
  7783 | D:8      | Reached XP level 11. HP: 78/87 MP: 13/13
  9599 | D:9      | Reached ***** piety under Okawaru
  9845 | D:9      | Reached skill level 10 in Fighting
 10237 | D:10     | Entered Level 10 of the Dungeon
 10806 | D:10     | Noticed a hell knight
 10807 | D:10     | Noticed a necromancer
 10815 | D:10     | Found the amulet of Elemental Vulnerability {rPois rF--
                  | rC-- AC+8}
 10895 | D:10     | Reached XP level 12. HP: 90/98 MP: 14/14
 10901 | D:10     | Received a gift from Okawaru
 11543 | D:11     | Reached skill level 1 in Evocations
 11558 | D:11     | Found a glowing golden altar of the Shining One.
 11568 | D:11     | Noticed a two-headed ogre
 11586 | D:11     | Killed a two-headed ogre
 11642 | D:11     | Noticed a two-headed ogre
 11665 | D:11     | Killed a two-headed ogre
 11921 | D:11     | Found a staircase to the Lair.
 12131 | D:12     | Received a gift from Okawaru
 12228 | D:12     | Found a staircase to the Orcish Mines.
 12252 | D:12     | Noticed a two-headed ogre
 12260 | D:12     | Killed a two-headed ogre
 12261 | D:12     | Reached skill level 10 in Dodging
 12292 | D:12     | Noticed a centaur warrior
 12298 | D:12     | Noticed a boulder beetle
 12303 | D:12     | Killed a centaur warrior
 12314 | D:12     | Killed a boulder beetle
 12457 | D:12     | Reached skill level 5 in Evocations
 12757 | Lair:1   | Entered Level 1 of the Lair of Beasts
 12818 | Lair:1   | Noticed Grum
 12836 | Lair:1   | Killed Grum
 13033 | Lair:1   | Reached ****** piety under Okawaru
 13034 | Lair:1   | Acquired a +2 double sword of holy wrath
 13034 | Lair:1   | Received a gift from Okawaru
 13045 | Lair:1   | Acquired the +3 pair of gloves of Broken Taboos {rPois
                  | Regen+ Str+3}
 13045 | Lair:1   | Received a gift from Okawaru
 13107 | Lair:1   | Received a gift from Okawaru
 13239 | Lair:1   | Reached XP level 13. HP: 108/108 MP: 15/15
 13913 | Lair:2   | Received a gift from Okawaru
 14102 | Lair:2   | Found a hole to the Spider Nest.
 14427 | Lair:2   | Found a staircase to the Swamp.
 14853 | Lair:3   | Received a gift from Okawaru
 14863 | Lair:3   | Reached skill level 5 in Translocations
 15064 | Lair:3   | Learned a level 4 spell: Manifold Assault
 15192 | Lair:3   | Reached XP level 14. HP: 118/118 MP: 20/20
 15347 | Lair:3   | Received a gift from Okawaru
 15357 | Lair:3   | Reached skill level 1 in Invocations
 15408 | Lair:3   | Found a broken altar of Ashenzari.
 15605 | Lair:3   | Found a runed translucent door.
 15925 | Lair:3   | Noticed Biggs's ghost (journeyman CoGl)
 16001 | Lair:3   | Killed Biggs's ghost
 16030 | Lair:4   | Noticed Rupert
 16254 | Lair:4   | Noticed Sonja
 16258 | Lair:4   | Sonja changed into Sonja the entropy weaver
 16258 | Lair:4   | Noticed Sonja
 16266 | Lair:4   | Killed Sonja the entropy weaver
 16392 | Lair:4   | Killed Rupert
 16392 | Lair:4   | Received a gift from Okawaru
 16972 | Lair:5   | Entered Level 5 of the Lair of Beasts
 16983 | Lair:4   | Reached skill level 2 in Invocations
 17015 | Lair:5   | Found a viscous altar of Jiyva.
 17015 | Lair:5   | Found a staircase to the Slime Pits.
 17115 | Lair:5   | Identified the +0 quarterstaff of Inquiry {venom, Fly}
 17220 | Lair:5   | Found a snail-covered altar of Cheibriados.
 17279 | Lair:5   | Reached skill level 5 in Spellcasting
 17285 | Lair:5   | Received a gift from Okawaru
 17305 | Lair:5   | Noticed a dire elephant
 17586 | Lair:5   | Reached skill level 3 in Invocations
 17589 | Lair:5   | Reached skill level 15 in Long Blades
 17729 | Lair:5   | Received a gift from Okawaru
 17761 | Lair:5   | Reached XP level 15. HP: 107/124 MP: 7/22
 17808 | Lair:5   | Identified the maw talisman of the Maze {rF- Str+3 Dex+2
                  | Slay+2}
 17863 | Lair:5   | Identified the +0 plate armour of the Valley {Int+2}
 18503 | Lair:5   | Reached skill level 4 in Invocations
 18503 | Lair:5   | Received a gift from Okawaru
 18853 | D:12     | Identified the +1 demon trident "Weushru" {vamp, ^Fragile
                  | rF+ rN+ Str+2}
 19017 | D:13     | Noticed Kirke
 19030 | D:13     | Noticed a sphinx
 19045 | D:13     | Killed Kirke
 19045 | D:13     | Received a gift from Okawaru
 19392 | D:13     | Identified the +6 spear "Gojoytuv" {elec, Fly rCorr Str+3
                  | Int-2}
 19402 | D:13     | Noticed Azrael
 19414 | D:13     | Killed Azrael
 19658 | D:13     | Identified the +4 ring mail of Pessimism {rN+}
 19664 | D:13     | Learned a level 4 spell: Vhi's Electric Charge
 19763 | D:13     | Found a gate to the Vaults.
 20079 | D:14     | Reached skill level 5 in Invocations
 20079 | D:14     | Received a gift from Okawaru
 20287 | Lair:5   | Fell from the grace of Okawaru
 20287 | Lair:5   | Became a worshipper of Jiyva Jazi the Shapeless
 20666 | D:14     | Found a shimmering blue altar of Sif Muna.
 20806 | D:15     | Entered Level 15 of the Dungeon
 20813 | D:15     | Reached * piety under Jiyva
 20915 | D:15     | Reached XP level 16. HP: 54/134 MP: 23/23
 21135 | D:15     | Found a staircase to the Depths.
 21298 | D:15     | Reached ** piety under Jiyva
 21317 | D:15     | Identified the +1 leather armour of Daerghyha {rN+ Str+3}
 21573 | Orc:1    | Entered Level 1 of the Orcish Mines
 21644 | Orc:1    | Found a runed translucent gate.
 21644 | Orc:1    | Found a runed translucent gate.
 21644 | Orc:1    | Found a runed translucent gate.
 21650 | Orc:1    | Noticed Liray's ghost (journeyman FeSu)
 21796 | Orc:2    | Entered Level 2 of the Orcish Mines
 21971 | Orc:2    | Noticed Josephine
 21973 | Orc:2    | Killed Josephine
 22011 | Orc:2    | Found Isynn's Magic Scroll Emporium.
 22011 | Orc:2    | Found Qoesh's General Store.
 22011 | Orc:2    | Found Guilew's Antique Weapon Emporium.
 22042 | Orc:2    | Found a flickering gateway to a bazaar.
 22051 | Bazaar   | Entered a bazaar
 22072 | Bazaar   | Found Fida's Antique Armour Shoppe.
 22077 | Bazaar   | Bought an ichor-stained cloak for 247 gold pieces
 22077 | Bazaar   | Identified the +2 cloak of the Valley {rC- Str+4 Dex+5}
                  | (You bought it in a shop in a bazaar)
 22123 | Bazaar   | Found Oputziub's Magic Scroll Emporium.
 22128 | Bazaar   | Bought a scroll of summoning for 95 gold pieces
 22128 | Bazaar   | Bought a scroll of teleportation for 30 gold pieces
 22128 | Bazaar   | Bought a scroll of fog for 40 gold pieces
 22128 | Bazaar   | Bought 2 scrolls of revelation for 150 gold pieces
 22261 | Orc:2    | Found Sushuk's Book Shop.
 22273 | Orc:2    | Bought a scroll of enchant weapon for 105 gold pieces
 22273 | Orc:2    | Bought a scroll of fog for 56 gold pieces
 22273 | Orc:2    | Bought a scroll of blinking for 105 gold pieces
 22274 | Orc:2    | Bought a +0 pair of boots of stealth for 172 gold pieces
 22274 | Orc:2    | Bought a scroll of fear for 60 gold pieces
 22274 | Orc:2    | Bought a scroll of teleportation for 45 gold pieces
 22310 | Orc:2    | Found a staircase to the Elven Halls.
 22432 | Orc:1    | Noticed Maurice
 22532 | Orc:2    | Noticed a deep elf master archer
 22532 | Orc:2    | Noticed a titan
 22532 | Orc:2    | Noticed a titan
 22532 | Orc:2    | Noticed a titan
 22537 | Orc:1    | Reached skill level 15 in Fighting
 22541 | Orc:1    | Something stole a granite talisman
 22557 | Orc:1    | Killed Maurice
 22740 | Orc:1    | Reached *** piety under Jiyva
 22953 | Orc:2    | Killed a titan
 22972 | Orc:2    | Killed a titan
 23169 | Swamp:1  | Entered Level 1 of the Swamp
 23233 | Swamp:1  | Gained mutation: You have acidic saliva. [Jiyva's grace]
 23233 | Swamp:1  | Gained mutation: Your mind is acute. (Int +4, Str/Dex -1)
                  | [Jiyva's grace]
 23233 | Swamp:1  | Gained mutation: Your mind is very acute. (Int +8, Str/Dex
                  | -2) [Jiyva's grace]
 23233 | Swamp:1  | Gained mutation: Your translucent skin slightly reduces
                  | your foes' accuracy. (Stealth+) [Jiyva's grace]
 23254 | Swamp:1  | Noticed a thorn hunter
 23264 | Swamp:1  | Killed a thorn hunter
 23369 | Swamp:1  | Reached skill level 10 in Translocations
 23670 | Swamp:1  | Reached **** piety under Jiyva
 23975 | Swamp:2  | Reached skill level 6 in Invocations
 24724 | Swamp:3  | Reached XP level 17. HP: 142/142 MP: 10/24
 24831 | Swamp:3  | Noticed a titan
 24848 | Swamp:3  | Killed a titan
 25053 | Swamp:3  | Reached ***** piety under Jiyva
 25053 | Swamp:3  | Identified the ring "Beodenao" {Str+6 Dex+4}
 25068 | Swamp:3  | Found a large runed translucent door.
 25068 | Swamp:3  | Found a large runed translucent door.
 25068 | Swamp:3  | Noticed backslashecho's ghost (adept MDSu)
 25131 | Swamp:4  | Entered Level 4 of the Swamp
 25167 | Swamp:4  | Noticed a tentacled monstrosity
 25176 | Swamp:4  | Killed a tentacled monstrosity
 25253 | Swamp:4  | Found a shimmering altar of Xom.
 25265 | Swamp:4  | Identified the +5 ring mail of the Harvest {Will+++ Str+4
                  | Int-3}
 25325 | Swamp:4  | Noticed a titan
 25325 | Swamp:4  | Noticed a deep elf blademaster
 25402 | Swamp:4  | Reached skill level 7 in Invocations
 25594 | Swamp:4  | Got a decaying rune of Zot
 25961 | Spider:1 | Entered Level 1 of the Spider Nest
 26148 | Spider:1 | Gained mutation: You are covered in fur. (AC +1) [Jiyva's
                  | grace]
 26148 | Spider:1 | Gained mutation: You are covered in thick fur. (AC +2)
                  | [Jiyva's grace]
 26148 | Spider:1 | Gained mutation: Your thick and shaggy fur keeps you warm.
                  | (AC +3, rC+) [Jiyva's grace]
 26148 | Spider:1 | Gained mutation: You are agile. (Dex +4, Str/Int -1)
                  | [Jiyva's grace]
 26464 | Spider:2 | Reached XP level 18. HP: 151/151 MP: 20/27
 26745 | Spider:2 | Identified the +0 leather armour of Dithmenos's Regard
                  | {Str+3}
 27038 | Spider:3 | Reached skill level 15 in Dodging
 27041 | Spider:3 | Reached skill level 8 in Invocations
 27284 | Spider:3 | Reached ****** piety under Jiyva
 27700 | Spider:4 | Entered Level 4 of the Spider Nest
 27787 | Spider:4 | Found a runed translucent gate.
 27787 | Spider:4 | Found a runed translucent gate.
 27787 | Spider:4 | Found a runed translucent gate.
 27788 | Spider:4 | Noticed Sirjeffry24's ghost (adept DrSh)
 27828 | Spider:4 | Killed Sirjeffry24's ghost
 27836 | Spider:4 | Identified the ring "Nethysib" {rPois rC+ rN+ MP-9 Int+3}
 27840 | Spider:4 | Noticed a titan
 27891 | Spider:4 | Lost mutation: Your translucent skin slightly reduces your
                  | foes' accuracy. (Stealth+) [Jiyva's grace]
 27891 | Spider:4 | Gained mutation: Your skin changes colour to match your
                  | surroundings (Stealth+). [Jiyva's grace]
 27891 | Spider:4 | Gained mutation: Your skin blends seamlessly with your
                  | surroundings (Stealth++). [Jiyva's grace]
 27891 | Spider:4 | Gained mutation: Your skin perfectly mimics your
                  | surroundings (Stealth+++). [Jiyva's grace]
 27891 | Spider:4 | Gained mutation: You have a small jelly attached to you
                  | that may absorb projectiles. [Jiyva's grace]
 27953 | Spider:4 | Got the Spellbook of the Fulmar
 27969 | Spider:4 | Identified the ring "Nauqai" {Fly Str+3}
 27989 | Spider:4 | Killed a titan
 27996 | Spider:4 | Noticed a titan
 27996 | Spider:4 | Noticed a deep elf master archer
 27998 | Spider:4 | Killed a titan
 28001 | Spider:4 | Killed a deep elf master archer
 28245 | Spider:4 | Got a milky-white gem with 218 turns to spare
 28254 | Spider:4 | Got a gossamer rune of Zot
 28338 | Spider:4 | Reached XP level 19. HP: 161/161 MP: 25/31
 28621 | Orc:2    | Bought a book of Cantrips for 192 gold pieces
 28623 | Orc:2    | Learned a level 1 spell: Apportation
 28794 | Slime:1  | Entered Level 1 of the Pits of Slime
 28817 | Slime:5  | Entered Level 5 of the Pits of Slime
 29329 | Slime:5  | Found a viscous altar of Jiyva.
 29333 | Slime:5  | Noticed the Royal Jelly
 29337 | Slime:5  | Found the +8 trident of the Octopus King {venom, rElec
                  | rPois}
 29346 | Slime:5  | Got Nost's Grimoire of the Inferno
 29348 | Slime:5  | Got a slimy rune of Zot
 29350 | Slime:5  | Got a starry gem with 64 turns to spare
 29352 | Slime:5  | Identified the amulet of Contention {Faith Regen+}
 29354 | Slime:5  | Identified the ring of the Shishi {rPois rC+ rN+ Int+7
                  | Stlth-}
 29366 | Slime:5  | Identified the ring "Unaonaje" {rPois rF- EV+5 Stlth+}
 29369 | Slime:5  | Identified the +8 flail "Ylaen" {venom, ^Drain Int+8 Dex+2
                  | Stlth+}
 29629 | Elf:1    | Entered Level 1 of the Elven Halls
 29747 | Elf:1    | Found Beiw's Antique Armour Boutique.
 29861 | Elf:1    | Got the Tome of Convocation
 29925 | Elf:1    | Noticed Nikola
 29938 | Elf:1    | Killed Nikola
 30502 | Elf:2    | Found a runed translucent gate.
 30502 | Elf:2    | Found a runed translucent gate.
 30502 | Elf:2    | Found a runed translucent gate.
 30667 | Elf:2    | Reached skill level 10 in Spellcasting
 30851 | Elf:2    | Identified the blade talisman of Bedevilment {rPois rF++
                  | rN+ Dex-3}
 31212 | Elf:2    | Was forgiven by Okawaru
 31302 | Elf:3    | Entered Level 3 of the Elven Halls
 31342 | Elf:3    | Lost mutation: Your skin perfectly mimics your surroundings
                  | (Stealth+++). [Jiyva's grace]
 31342 | Elf:3    | Lost mutation: Your skin blends seamlessly with your
                  | surroundings (Stealth++). [Jiyva's grace]
 31342 | Elf:3    | Lost mutation: Your thick and shaggy fur keeps you warm.
                  | (AC +3, rC+) [Jiyva's grace]
 31342 | Elf:3    | Gained mutation: You have very sharp teeth. [Jiyva's grace]
 31342 | Elf:3    | Gained mutation: You have extremely sharp teeth. [Jiyva's
                  | grace]
 31342 | Elf:3    | Gained mutation: You have razor-sharp teeth. [Jiyva's
                  | grace]
 31342 | Elf:3    | Gained mutation: Your spells are a little harder to cast,
                  | but a little more powerful. [Jiyva's grace]
 31491 | Elf:3    | Identified the +0 robe of Space {+Blink rF- Regen+ Int+6}
 31525 | Elf:3    | Found Yxkytuats's Book Shoppe.
 31666 | Elf:3    | Reached skill level 1 in Armour
 31676 | Elf:3    | Reached XP level 20. HP: 168/172 MP: 32/34
 31880 | Elf:3    | Identified the ring "Hyfuhuok" {rC+ AC+4 Int+3 Dex+3}
 32062 | Elf:3    | Identified the ring "Ytux Becevy" {Fire rPois rCorr Dex+4
                  | Stlth-}
 32070 | Elf:3    | Identified the staff of Pyplenaf {*Slow rF+ rC+ Int+3 Ice}
 32112 | Elf:3    | Got the Collected Works on the Iceberg
 32112 | Elf:3    | Got Sif Muna's Primer on Recondite Insight
 32112 | Elf:3    | Got the Vellum of Battle Magic
 32117 | Elf:3    | Got A Guide on Spells
 32154 | Elf:3    | Identified the staff of Dust {rPois Str+3 Alchemy}
 32401 | Vaults:1 | Entered Level 1 of the Vaults
 32909 | Vaults:1 | Lost mutation: You have razor-sharp teeth. [Jiyva's grace]
 32909 | Vaults:1 | Lost mutation: You are agile. (Dex +4, Str/Int -1) [Jiyva's
                  | grace]
 32909 | Vaults:1 | Lost mutation: Your mind is very acute. (Int +8, Str/Dex
                  | -2) [Jiyva's grace]
 32909 | Vaults:1 | Lost mutation: You are covered in thick fur. (AC +2)
                  | [Jiyva's grace]
 32909 | Vaults:1 | Lost mutation: You have acidic saliva. [Jiyva's grace]
 32909 | Vaults:1 | Gained mutation: You have acidic saliva. [Jiyva's grace]
 32909 | Vaults:1 | Gained mutation: Your flesh is heat resistant. (rF+)
                  | [Jiyva's grace]
 32909 | Vaults:1 | Gained mutation: Your flesh is very heat resistant. (rF++)
                  | [Jiyva's grace]
 32909 | Vaults:1 | Gained mutation: Your flesh is almost immune to the effects
                  | of heat. (rF+++) [Jiyva's grace]
 33499 | Vaults:2 | Reached skill level 5 in Armour
 33914 | Vaults:2 | Reached XP level 21. HP: 79/182 MP: 17/35
 33945 | Vaults:2 | Found Osoot's Antique Weapon Shop.
 34539 | Vaults:3 | Identified the +2 spear "Meocware" {elec, ^Fragile rPois
                  | Str+6 SInv}
 34576 | Vaults:3 | Found Venleng's Antique Weapon Shoppe.
 34754 | Vaults:3 | Found a staircase to the Crypt.
 35226 | Vaults:3 | Lost mutation: Your flesh is almost immune to the effects
                  | of heat. (rF+++) [Jiyva's grace]
 35226 | Vaults:3 | Gained mutation: Your body has grown eyes which may confuse
                  | attackers. (Acc +3) [Jiyva's grace]
 35226 | Vaults:3 | Gained mutation: Your body has grown many eyes which may
                  | confuse attackers. (Acc +5) [Jiyva's grace]
 35226 | Vaults:3 | Gained mutation: Your body is covered in eyes which may
                  | confuse attackers. (Acc +7, SInv) [Jiyva's grace]
 35226 | Vaults:3 | Gained mutation: You are resistant to electric shocks.
                  | (rElec) [Jiyva's grace]
 35498 | Vaults:4 | Reached skill level 10 in Armour
 35519 | Vaults:4 | Learned a level 6 spell: Dispersal
 35547 | Vaults:4 | Identified the +0 robe of Wiyntovu {rF- rN+ Regen+ Dex+4}
 35694 | Vaults:4 | Reached XP level 22. HP: 190/190 MP: 32/36
 36054 | Vaults:4 | Reached skill level 1 in Shapeshifting
 36301 | Crypt:1  | Entered Level 1 of the Crypt
 36458 | Crypt:1  | Reached skill level 9 in Invocations
 36625 | Crypt:1  | Lost mutation: Your skin changes colour to match your
                  | surroundings (Stealth+). [Jiyva's grace]
 36625 | Crypt:1  | Lost mutation: Your mind is acute. (Int +4, Str/Dex -1)
                  | [Jiyva's grace]
 36625 | Crypt:1  | Lost mutation: You are covered in fur. (AC +1) [Jiyva's
                  | grace]
 36625 | Crypt:1  | Lost mutation: Your body is covered in eyes which may
                  | confuse attackers. (Acc +7, SInv) [Jiyva's grace]
 36625 | Crypt:1  | Gained mutation: You have supernaturally acute eyesight.
                  | (SInv) [Jiyva's grace]
 36625 | Crypt:1  | Gained mutation: Your body is covered in eyes which may
                  | confuse attackers. (Acc +7, SInv) [Jiyva's grace]
 36625 | Crypt:1  | Gained mutation: You have a pair of small horns on your
                  | head. [Jiyva's grace]
 36625 | Crypt:1  | Gained mutation: You have a pair of horns on your head.
                  | [Jiyva's grace]
 36886 | Crypt:2  | Reached skill level 5 in Shapeshifting
 37533 | Crypt:3  | Entered Level 3 of the Crypt
 37549 | Crypt:3  | Reached skill level 10 in Invocations
 37780 | Crypt:3  | Noticed a dread lich
 37863 | Crypt:3  | Killed a dread lich
 37864 | Crypt:3  | Reached XP level 23. HP: 178/196 MP: 26/37
 37869 | Crypt:3  | Noticed an ancient lich
 37869 | Crypt:3  | Noticed a dread lich
 37874 | Crypt:3  | Killed an ancient lich
 37875 | Crypt:3  | Reached skill level 11 in Invocations
 37877 | Crypt:3  | Killed a dread lich
 37883 | Crypt:3  | Got the Parchment of Fascination
 37885 | Crypt:3  | Got Huramu Waty's Encyclopedia of Mortality
 37888 | Crypt:3  | Got an ivory gem with 247 turns to spare
 37897 | Crypt:3  | Identified the +1 robe of Jeluxa {Str-2 Int+5}
 37972 | Crypt:3  | Lost mutation: You have extremely sharp teeth. [Jiyva's
                  | grace]
 37972 | Crypt:3  | Lost mutation: Your flesh is very heat resistant. (rF++)
                  | [Jiyva's grace]
 37972 | Crypt:3  | Lost mutation: You have acidic saliva. [Jiyva's grace]
 37972 | Crypt:3  | Gained mutation: You passively map a small area around you.
                  | [Jiyva's grace]
 37972 | Crypt:3  | Gained mutation: You passively map the area around you.
                  | [Jiyva's grace]
 37972 | Crypt:3  | Gained mutation: You passively map a large area around you.
                  | [Jiyva's grace]
 37972 | Crypt:3  | Gained mutation: You expend magic power (3 MP) to
                  | strengthen your wands. [Jiyva's grace]
 38023 | Crypt:3  | Found a staircase to the Tomb.
 38465 | Vaults:5 | Entered Level 5 of the Vaults
 38474 | Vaults:5 | Noticed a golden dragon
 38486 | Vaults:4 | Killed a golden dragon
 38529 | Vaults:5 | Noticed a golden dragon
 38534 | Vaults:5 | Killed a golden dragon
 38547 | Vaults:5 | Noticed a dread lich
 38551 | Vaults:5 | Killed a dread lich
 38552 | Vaults:5 | Reached skill level 12 in Invocations
 38576 | Vaults:5 | Noticed a golden dragon
 38580 | Vaults:5 | Noticed an ancient lich
 38582 | Vaults:5 | Killed a golden dragon
 38601 | Vaults:5 | Identified the +4 scimitar "Yskuweet" {antimagic, rPois rF-
                  | Str+6}
 38645 | Vaults:5 | Identified the amulet "Teone" {Reflect rF+ rCorr SH+5}
 38724 | Vaults:5 | Reached skill level 10 in Shapeshifting
 38730 | Vaults:5 | Noticed a dread lich
 38736 | Vaults:5 | Killed a dread lich
 38759 | Vaults:5 | Reached skill level 13 in Invocations
 38802 | Vaults:5 | Got a silver rune of Zot
 38807 | Vaults:5 | Identified the +7 dagger "Wyv Jodd" {holy, rF+}
 38847 | Vaults:5 | Found the ring of the Octopus King
 38851 | Vaults:5 | Identified a ring of the Octopus King {HP+2 AC+2 EV+2 SH+2
                  | SInv}
 38863 | Vaults:5 | Killed an ancient lich
 38870 | Vaults:5 | Reached XP level 24. HP: 204/204 MP: 31/37
 38896 | Vaults:5 | Identified the +6 mace of Royalism {vamp, Fly}
 38965 | Vaults:5 | Lost mutation: You have very sharp teeth. [Jiyva's grace]
 38965 | Vaults:5 | Lost mutation: You have a pair of horns on your head.
                  | [Jiyva's grace]
 38965 | Vaults:5 | Lost mutation: You passively map a large area around you.
                  | [Jiyva's grace]
 38965 | Vaults:5 | Lost mutation: You expend magic power (3 MP) to strengthen
                  | your wands. [Jiyva's grace]
 38965 | Vaults:5 | Gained mutation: You have hidden genetic potential.
                  | [Jiyva's grace]
 38965 | Vaults:5 | Gained mutation: You have great hidden genetic potential.
                  | [Jiyva's grace]
 38965 | Vaults:5 | Gained mutation: Your melee attacks may engulf your foes in
                  | ooze. [Jiyva's grace]
 38965 | Vaults:5 | Gained mutation: Your mind is acute. (Int +4, Str/Dex -1)
                  | [Jiyva's grace]
 38969 | Vaults:5 | Found the +27 heavy crossbow "Sniper" {heavy, Acc+∞ SInv}
 39734 | Depths:1 | Entered Level 1 of the Depths
 39769 | Depths:1 | Found a one-way gate to the infinite horrors of the Abyss.
 39959 | Depths:1 | Found a gateway to Hell.
 40065 | Depths:1 | Reached skill level 14 in Invocations
 40367 | Depths:2 | Identified the +1 scale mail of Weaso {MP+9}
 40566 | Depths:2 | Identified the amulet "Tyacsis" {Reflect Rampage Fly Will++
                  | Int-3 SH+5}
 40763 | Depths:2 | Lost mutation: Your body is covered in eyes which may
                  | confuse attackers. (Acc +7, SInv) [Jiyva's grace]
 40763 | Depths:2 | Lost mutation: You have great hidden genetic potential.
                  | [Jiyva's grace]
 40763 | Depths:2 | Gained mutation: Your body is covered in eyes which may
                  | confuse attackers. (Acc +7, SInv) [Jiyva's grace]
 40763 | Depths:2 | Gained mutation: You are agile. (Dex +4, Str/Int -1)
                  | [Jiyva's grace]
 40763 | Depths:2 | Gained mutation: You are very agile. (Dex +8, Str/Int -2)
                  | [Jiyva's grace]
 40763 | Depths:2 | Gained mutation: Your translucent skin slightly reduces
                  | your foes' accuracy. (Stealth+) [Jiyva's grace]
 40992 | Depths:2 | Found a one-way gateway to a ziggurat.
 41017 | Zig:1    | Entered Level 1 of a ziggurat
 41050 | Zig:2    | Entered Level 2 of a ziggurat
 41056 | Zig:2    | Reached skill level 15 in Invocations
 41071 | Zig:3    | Entered Level 3 of a ziggurat
 41088 | Zig:3    | Identified the +8 chain mail "Vaix" {rF+++ MP-9 Str+4
                  | Slay+4}
 41089 | Zig:3    | Identified the +0 chain mail "Jirheg" {+Inv rElec Int+6
                  | Dex-3}
 41093 | Zig:4    | Entered Level 4 of a ziggurat
 41106 | Zig:4    | Identified the +0 leather armour of Galluuji {rC+}
 41111 | Zig:5    | Entered Level 5 of a ziggurat
 41115 | Zig:5    | Noticed a shard shrike
 41118 | Zig:5    | Killed a shard shrike
 41125 | Zig:5    | Identified the +0 halberd of Fedhas's Felicitations {flame,
                  | Will+ Str+4}
 41130 | Zig:6    | Entered Level 6 of a ziggurat
 41140 | Zig:6    | Reached XP level 25. HP: 206/210 MP: 32/37
 41155 | Zig:6    | Reached XP level 26. HP: 218/218 MP: 37/37
 41158 | Zig:7    | Entered Level 7 of a ziggurat
 41164 | Zig:7    | Found the +9 staff of Olgreb {rPois∞}
 41190 | Zig:8    | Entered Level 8 of a ziggurat
 41212 | Zig:8    | Gained mutation: You are partially covered in iridescent
                  | scales. (AC +2) [hidden potential]
 41214 | Zig:8    | Reached skill level 16 in Invocations
 41214 | Zig:8    | Reached XP level 27. HP: 214/224 MP: 19/37
 41232 | Zig:9    | Entered Level 9 of a ziggurat
 41241 | Zig:9    | Noticed a dread lich
 41250 | Zig:9    | Killed a dread lich
 41262 | Zig:9    | Identified the +0 ice dragon scales of Liberty {rF- rC++
                  | Stlth+}
 41269 | Zig:9    | Identified the +0 ring mail of Uskayaw's Grace {Rampage
                  | *Slow rPois Dex+6 Slay+4}
 41271 | Zig:10   | Entered Level 10 of a ziggurat
 41277 | Zig:10   | Found the +6 lightning scales {swift, rElec}
 41290 | Zig:10   | Identified the +5 halberd of Adverse Possession {heavy,
                  | Will+ Str-3 Int+3}
 41295 | Zig:11   | Entered Level 11 of a ziggurat
 41329 | Zig:11   | Identified the +11 storm dragon scales of Icwid {rElec
                  | Str+4}
 41330 | Zig:11   | Identified the amulet "Erghatun" {RegenMP rElec Will+++
                  | rCorr Int-2}
 41348 | Zig:12   | Entered Level 12 of a ziggurat
 41363 | Zig:12   | Paralysed by a wendigo for 1 turns
 41368 | Zig:12   | Found the +3 pair of gauntlets of War {Slay+5}
 41400 | Zig:13   | Entered Level 13 of a ziggurat
 41418 | Zig:13   | Reached skill level 15 in Shapeshifting
 41437 | Zig:13   | Reached skill level 17 in Invocations
 41440 | Zig:13   | Identified the ring "Astothuz" {rF+ rC+ Str+3 Int+2 Slay+4}
 41448 | Zig:13   | Got the Collected Works on the Tesseract and the Autopsy
 41448 | Zig:13   | Got the Handbook of the Inclement Caves
 41458 | Zig:14   | Entered Level 14 of a ziggurat
 41583 | Depths:2 | Found Hunom's Jewellery Shoppe.
 41584 | Depths:2 | Found Plog's Book Shop.
 41594 | Depths:2 | Found Fieq's Jewellery Shoppe.
 41612 | Depths:2 | Bought a talisman of death for 800 gold pieces
 41612 | Depths:2 | Bought a granite talisman for 600 gold pieces
 41693 | Depths:2 | Found a one-way gate leading to the halls of Pandemonium.
 41829 | Depths:3 | Identified the +2 leather armour of the Sun {-Cast Harm
                  | rPois rF+}
 41926 | Depths:3 | Found a shimmering blue altar of Sif Muna.
 41958 | Depths:3 | Found a portal to a secret trove of treasure.
 42191 | Depths:4 | Entered Level 4 of the Depths
 42434 | Depths:3 | Identified the +3 rapier "Goblin's Peril" {pain, Int+3}
 42440 | Depths:3 | Reached skill level 1 in Short Blades
 42527 | Depths:4 | Lost mutation: You have a pair of small horns on your head.
                  | [Jiyva's grace]
 42527 | Depths:4 | Lost mutation: Your spells are a little harder to cast, but
                  | a little more powerful. [Jiyva's grace]
 42527 | Depths:4 | Lost mutation: You have hidden genetic potential. [Jiyva's
                  | grace]
 42527 | Depths:4 | Gained mutation: Your muscles are strong. (Str +4, Int/Dex
                  | -1) [Jiyva's grace]
 42527 | Depths:4 | Gained mutation: Your muscles are very strong. (Str +8,
                  | Int/Dex -2) [Jiyva's grace]
 42527 | Depths:4 | Gained mutation: You are mostly covered in iridescent
                  | scales. (AC +4) [Jiyva's grace]
 42527 | Depths:4 | Gained mutation: You are completely covered in iridescent
                  | scales. (AC +6) [Jiyva's grace]
 42570 | Depths:4 | Found a shadowy altar of Dithmenos.
 42590 | Depths:4 | Noticed Jory
 42595 | Depths:4 | Noticed Mennas
 42598 | Depths:4 | Killed Jory
 42605 | Depths:4 | Killed Mennas
 42642 | Depths:4 | Noticed Sojobo
 42649 | Depths:4 | Killed Sojobo
 42666 | Depths:4 | Reached skill level 18 in Invocations
 42824 | Depths:4 | Identified the +3 dire flail of Tenacity {heavy, Stlth+}
 43095 | Depths:4 | Found a gate to the Realm of Zot.
 43216 | Zot:1    | Entered Level 1 of the Realm of Zot
 43418 | Zot:5    | Entered Level 5 of the Realm of Zot
 43642 | Zot:5    | Reached skill level 19 in Invocations
 43687 | Zot:5    | Got a prismatic gem with 356 turns to spare
 43688 | Zot:5    | Identified the orb "Amickore" {guile, rN+ Dex-4 Slay+6}
 43756 | Zot:5    | Noticed an orb of fire
 43763 | Zot:5    | Killed an orb of fire
 43836 | Zot:5    | Noticed an orb of fire
 43838 | Zot:5    | Gained mutation: Your body sometimes deteriorates upon
                  | taking damage. [an orb of fire]
 43841 | Zot:5    | Killed an orb of fire
 43841 | Zot:5    | Noticed a dread lich
 43847 | Zot:5    | Killed a dread lich
 43874 | Zot:5    | Noticed an ancient lich
 43877 | Zot:5    | Killed an ancient lich
 43878 | Zot:5    | Reached skill level 20 in Invocations
 44162 | Pan      | Entered Pandemonium
 44165 | Pan      | Noticed Ignacio
 44172 | Pan      | Killed Ignacio
 44189 | Pan      | Lost mutation: You are completely covered in iridescent
                  | scales. (AC +6) [Jiyva's grace]
 44189 | Pan      | Lost mutation: Your mind is acute. (Int +4, Str/Dex -1)
                  | [Jiyva's grace]
 44189 | Pan      | Lost mutation: Your body sometimes deteriorates upon taking
                  | damage. [Jiyva's grace]
 44189 | Pan      | Lost mutation: You have a small jelly attached to you that
                  | may absorb projectiles. [Jiyva's grace]
 44189 | Pan      | Gained mutation: Your spells are a little harder to cast,
                  | but a little more powerful. [Jiyva's grace]
 44189 | Pan      | Gained mutation: Your spells are harder to cast, but more
                  | powerful. [Jiyva's grace]
 44189 | Pan      | Gained mutation: Your spells are much harder to cast, but
                  | much more powerful. [Jiyva's grace]
 44189 | Pan      | Gained mutation: You have a pair of small horns on your
                  | head. [Jiyva's grace]
 44192 | Pan      | Identified the +7 whip of Blind Justice {heavy, rF+ Str+2
                  | Int+2}
 44196 | Pan      | Noticed Zatoyhyh the pandemonium lord
 44307 | Pan      | Gained mutation: You occasionally shout uncontrollably at
                  | your foes. [a cacodemon]
 44615 | Pan      | Got Ubeck's Precepts of the Sarcophagus and the Union
 44766 | Pan      | Noticed Fesaofat the pandemonium lord
 44994 | Pan      | Killed Fesaofat the pandemonium lord
 44995 | Pan      | Reached skill level 21 in Invocations
 45042 | Pan      | Got a demonic rune of Zot
 45129 | Depths:2 | Escaped Pandemonium
 45131 | Pan      | Entered Pandemonium
 45131 | Pan      | Noticed Ivuphes the pandemonium lord
 45143 | Pan      | Killed Ivuphes the pandemonium lord
 45180 | Pan      | Lost mutation: You are mostly covered in iridescent scales.
                  | (AC +4) [Jiyva's grace]
 45180 | Pan      | Lost mutation: You are very agile. (Dex +8, Str/Int -2)
                  | [Jiyva's grace]
 45180 | Pan      | Lost mutation: You occasionally shout uncontrollably at
                  | your foes. [Jiyva's grace]
 45180 | Pan      | Lost mutation: Your body is covered in eyes which may
                  | confuse attackers. (Acc +7, SInv) [Jiyva's grace]
 45180 | Pan      | Lost mutation: Your body has grown many eyes which may
                  | confuse attackers. (Acc +5) [Jiyva's grace]
 45180 | Pan      | Gained mutation: You passively dampen the noise of your
                  | surroundings. [Jiyva's grace]
 45180 | Pan      | Gained mutation: You possess an exceptional clarity of
                  | mind. [Jiyva's grace]
 45180 | Pan      | Gained mutation: You are very agile. (Dex +8, Str/Int -2)
                  | [Jiyva's grace]
 45180 | Pan      | Gained mutation: You are robust. (+10% HP) [Jiyva's grace]
 45273 | Pan      | Found an exit through the horrors of the Abyss.
 45465 | Pan      | Noticed Loschoago the pandemonium lord
 45535 | Pan      | Noticed Nich the pandemonium lord
 45541 | Pan      | Reached skill level 10 in Evocations
 45542 | Pan      | Killed Nich the pandemonium lord
 45711 | Pan      | Lost mutation: You have a pair of small horns on your head.
                  | [Jiyva's grace]
 45711 | Pan      | Lost mutation: You are very agile. (Dex +8, Str/Int -2)
                  | [Jiyva's grace]
 45711 | Pan      | Lost mutation: You are agile. (Dex +4, Str/Int -1) [Jiyva's
                  | grace]
 45711 | Pan      | Lost mutation: You passively map the area around you.
                  | [Jiyva's grace]
 45711 | Pan      | Lost mutation: Your muscles are very strong. (Str +8,
                  | Int/Dex -2) [Jiyva's grace]
 45711 | Pan      | Gained mutation: Your mind is acute. (Int +4, Str/Dex -1)
                  | [Jiyva's grace]
 45711 | Pan      | Gained mutation: Your mind is very acute. (Int +8, Str/Dex
                  | -2) [Jiyva's grace]
 45711 | Pan      | Gained mutation: You are very robust. (+20% HP) [Jiyva's
                  | grace]
 45711 | Pan      | Gained mutation: You are extremely robust. (+30% HP)
                  | [Jiyva's grace]
 45721 | Pan      | Entered the realm of Cerebov.
 46033 | Pan      | Identified the ring "Fyutepp" {Fly rPois rN+ Int+4 Dex-4}
 46103 | Pan      | Found the +6 sword of Cerebov {flame}
 46103 | Pan      | Noticed Cerebov
 46131 | Pan      | Killed Cerebov
 46173 | Pan      | Got a fiery rune of Zot
 46309 | Pan      | Entered the realm of Mnoleg.
 46509 | Pan      | Noticed Mnoleg
 46527 | Pan      | Killed Mnoleg
 46551 | Pan      | Got a glowing rune of Zot
 46697 | Pan      | Noticed Pinorour the pandemonium lord
 46710 | Pan      | Killed Pinorour the pandemonium lord
 46725 | Pan      | Lost mutation: You are partially covered in iridescent
                  | scales. (AC +2) [Jiyva's grace]
 46725 | Pan      | Lost mutation: Your flesh is heat resistant. (rF+) [Jiyva's
                  | grace]
 46725 | Pan      | Lost mutation: Your spells are much harder to cast, but
                  | much more powerful. [Jiyva's grace]
 46725 | Pan      | Gained mutation: You have hidden genetic potential.
                  | [Jiyva's grace]
 46725 | Pan      | Gained mutation: You have great hidden genetic potential.
                  | [Jiyva's grace]
 46725 | Pan      | Gained mutation: Your system is resistant to poisons.
                  | (rPois) [Jiyva's grace]
 46725 | Pan      | Gained mutation: Your flesh is heat resistant. (rF+)
                  | [Jiyva's grace]
 46779 | Pan      | Noticed Nameickolau the pandemonium lord
 46782 | Pan      | Reached skill level 22 in Invocations
 46788 | Pan      | Reached skill level 15 in Translocations
 46799 | Pan      | Killed Nameickolau the pandemonium lord
 46801 | Pan      | Identified the +1 shortbow of Checks and Balances {freeze,
                  | Str+4}
 46934 | Pan      | Found an exit through the horrors of the Abyss.
 46985 | Pan      | Noticed Hiziag the pandemonium lord
 46993 | Pan      | Killed Hiziag the pandemonium lord
 47020 | Pan      | Noticed a seraph
 47022 | Pan      | Found a glowing golden altar of the Shining One.
 47029 | Pan      | Killed a seraph
 47089 | Depths:2 | Escaped Pandemonium
 47091 | Pan      | Entered the realm of Gloorx Vloq.
 47091 | Pan      | Entered Pandemonium
 47330 | Pan      | Noticed Gloorx Vloq
 47340 | Pan      | Killed Gloorx Vloq
 47428 | Pan      | Got a dark rune of Zot
 47540 | Pan      | Noticed Vebiuran the pandemonium lord
 47541 | Pan      | Found an exit through the horrors of the Abyss.
 47549 | Pan      | Killed Vebiuran the pandemonium lord
 47566 | Pan      | Gained mutation: Your health recovers twice as slowly from
                  | being drained. [a cacodemon]
 47622 | Pan      | Lost mutation: You have supernaturally acute eyesight.
                  | (SInv) [Jiyva's grace]
 47622 | Pan      | Lost mutation: Your mind is very acute. (Int +8, Str/Dex
                  | -2) [Jiyva's grace]
 47622 | Pan      | Lost mutation: Your mind is acute. (Int +4, Str/Dex -1)
                  | [Jiyva's grace]
 47622 | Pan      | Lost mutation: Your flesh is heat resistant. (rF+) [Jiyva's
                  | grace]
 47622 | Pan      | Lost mutation: You are resistant to electric shocks.
                  | (rElec) [Jiyva's grace]
 47622 | Pan      | Lost mutation: You have great hidden genetic potential.
                  | [Jiyva's grace]
 47622 | Pan      | Lost mutation: You passively dampen the noise of your
                  | surroundings. [Jiyva's grace]
 47622 | Pan      | Gained mutation: Your translucent skin reduces your foes'
                  | accuracy. (Stealth+) [Jiyva's grace]
 47622 | Pan      | Gained mutation: Your transparent skin significantly
                  | reduces your foes' accuracy. (Stealth+) [Jiyva's grace]
 47622 | Pan      | Gained mutation: You have a small jelly attached to you
                  | that may absorb projectiles. [Jiyva's grace]
 47622 | Pan      | Gained mutation: You are partially covered in iridescent
                  | scales. (AC +2) [Jiyva's grace]
 47674 | Pan      | Gained mutation: Your flesh is heat resistant. (rF+)
                  | [hidden potential]
 47768 | Depths:2 | Escaped Pandemonium
 47770 | Pan      | Entered Pandemonium
 47846 | Pan      | Noticed Optochic the pandemonium lord
 47850 | Pan      | Killed Optochic the pandemonium lord
 47851 | Pan      | Reached skill level 23 in Invocations
 47900 | Pan      | Identified the +6 dagger "Wovvausu" {speed, ^Fragile Fly
                  | rC+ Dex+6}
 47950 | Pan      | Entered the realm of Lom Lobon.
 47961 | Pan      | Found an exit through the horrors of the Abyss.
 48190 | Pan      | Noticed Lom Lobon
 48213 | Pan      | Killed Lom Lobon
 48251 | Pan      | Got a magical rune of Zot
 48363 | Pan      | Took an exit into the Abyss.
 48363 | Abyss:1  | Escaped into the Abyss
 48515 | Abyss:1  | Found a transporter.
 48765 | Abyss:2  | Found a corrupted altar of Lugonu.
 48917 | Abyss:3  | Found a corrupted altar of Lugonu.
 49200 | Abyss:3  | Found a corrupted altar of Lugonu.
 49225 | Abyss:3  | Got an abyssal rune of Zot
 49240 | Depths:2 | Escaped the Abyss
 49349 | Hell     | Entered the Vestibule of Hell
 49349 | Hell     | Noticed Geryon
 49368 | Hell     | Killed Geryon
 49537 | Hell     | Upgraded the game from 0.32-a0-433-g08bcfe7efd to
                  | 0.32-a0-450-g080537f31e
 49595 | Hell     | Found a gateway to the ashen valley of Gehenna.
 49636 | Hell     | Found a gateway to the decaying netherworld of Tartarus.
 49681 | Hell     | Found a gateway to the freezing wastes of Cocytus.
 49750 | Hell     | Found a gateway to the Iron City of Dis.
 49841 | Coc:1    | Entered Level 1 of Cocytus
 49841 | Coc:1    | Noticed an ancient lich
 49856 | Coc:1    | Killed an ancient lich
 50286 | Coc:7    | Entered Level 7 of Cocytus
 50333 | Coc:7    | Paralysed by a wendigo for 1 turns
 50408 | Coc:7    | Paralysed by a wendigo for 1 turns
 50482 | Coc:7    | Noticed Antaeus
 50586 | Coc:7    | Killed Antaeus
 50599 | Coc:7    | Identified the ring "Keewk" {rCorr Dex+3 SInv}
 50604 | Coc:7    | Got an icy rune of Zot
 50616 | Coc:7    | Paralysed by a wendigo for 1 turns
 50758 | Geh:1    | Entered Level 1 of Gehenna
 50983 | Geh:4    | Reached skill level 15 in Evocations
 50985 | Geh:4    | Noticed a dread lich
 50993 | Geh:4    | Killed a dread lich
 51173 | Geh:7    | Entered Level 7 of Gehenna
 51370 | Geh:7    | Noticed the Serpent of Hell
 51380 | Geh:7    | Killed the Serpent of Hell
 51391 | Geh:7    | Identified the +1 falchion "Pashru" {freeze, ^Fragile
                  | Str+5}
 51569 | Geh:7    | Found the +13 sceptre of Asmodeus
 51569 | Geh:7    | Noticed Asmodeus
 51594 | Geh:7    | Killed Asmodeus
 51595 | Geh:7    | Reached skill level 15 in Armour
 51607 | Geh:7    | Got an obsidian rune of Zot
 51748 | Dis:1    | Entered Level 1 of the Iron City of Dis
 52147 | Dis:7    | Entered Level 7 of the Iron City of Dis
 52147 | Dis:7    | Noticed a juggernaut
 52172 | Dis:7    | Killed a juggernaut
 52347 | Dis:7    | Identified the +1 ring mail "Meh Ciuj" {Dex+5}
 52450 | Dis:7    | Identified the amulet "Capnot" {rF+ rC+ Regen+}
 52466 | Dis:7    | Noticed Dispater
 52497 | Dis:7    | Killed Dispater
 52513 | Dis:7    | Got an iron rune of Zot
 52679 | Tar:1    | Entered Level 1 of Tartarus
 52713 | Tar:1    | Learned a level 3 spell: Passwall
 52781 | Tar:1    | Noticed a dread lich
 52786 | Tar:1    | Killed a dread lich
 52787 | Tar:1    | Reached skill level 1 in Earth Magic
 52791 | Tar:1    | You are sucked into a shaft and drop 1 floor!
 53101 | Tar:7    | Entered Level 7 of Tartarus
 53187 | Tar:7    | Reached skill level 5 in Earth Magic
 53238 | Tar:7    | Noticed Ereshkigal
 53250 | Tar:7    | Killed Ereshkigal
 53328 | Tar:7    | Found the sphere of Battle
 53398 | Tar:7    | Noticed a dread lich
 53415 | Tar:7    | Killed a dread lich
 53426 | Tar:7    | Got a bone rune of Zot
 53797 | Tomb:1   | Entered Level 1 of the Tomb of the Ancients
 53908 | Tomb:1   | Noticed a royal mummy
 53917 | Tomb:1   | Killed a royal mummy
 53976 | Tomb:1   | Noticed a royal mummy
 53980 | Tomb:1   | Killed a royal mummy
 53999 | Tomb:2   | Noticed a royal mummy
 53999 | Tomb:2   | Noticed a royal mummy
 54001 | Tomb:2   | Noticed a royal mummy
 54001 | Tomb:2   | Noticed a royal mummy
 54004 | Tomb:2   | Killed a royal mummy
 54008 | Tomb:2   | Killed a royal mummy
 54009 | Tomb:2   | Killed a royal mummy
 54013 | Tomb:2   | Killed a royal mummy
 54062 | Tomb:1   | Noticed a royal mummy
 54062 | Tomb:1   | Noticed a royal mummy
 54066 | Tomb:1   | Noticed a royal mummy
 54067 | Tomb:1   | Killed a royal mummy
 54067 | Tomb:1   | Killed a royal mummy
 54068 | Tomb:1   | Noticed a royal mummy
 54071 | Tomb:1   | Noticed a royal mummy
 54072 | Tomb:1   | Killed a royal mummy
 54075 | Tomb:1   | Noticed a royal mummy
 54078 | Tomb:1   | Noticed a royal mummy
 54079 | Tomb:1   | Killed a royal mummy
 54082 | Tomb:1   | Killed a royal mummy
 54082 | Tomb:1   | Noticed a royal mummy
 54084 | Tomb:1   | Killed a royal mummy
 54084 | Tomb:1   | Noticed a royal mummy
 54104 | Tomb:1   | Killed a royal mummy
 54104 | Tomb:1   | Noticed a royal mummy
 54106 | Tomb:1   | Noticed a royal mummy
 54108 | Tomb:1   | Noticed a royal mummy
 54110 | Tomb:1   | Killed a royal mummy
 54111 | Tomb:1   | Killed a royal mummy
 54115 | Tomb:1   | Killed a royal mummy
 54124 | Tomb:1   | Killed a royal mummy
 54145 | Tomb:1   | Killed a royal mummy
 54205 | Tomb:1   | Noticed a royal mummy
 54212 | Tomb:1   | Noticed a royal mummy
 54216 | Tomb:1   | Killed a royal mummy
 54220 | Tomb:1   | Killed a royal mummy
 54224 | Tomb:1   | Noticed a royal mummy
 54232 | Tomb:1   | Killed a royal mummy
 54243 | Tomb:1   | Noticed a royal mummy
 54250 | Tomb:1   | Noticed a royal mummy
 54255 | Tomb:1   | Noticed a royal mummy
 54257 | Tomb:1   | Killed a royal mummy
 54260 | Tomb:1   | Killed a royal mummy
 54264 | Tomb:1   | Killed a royal mummy
 54279 | Tomb:1   | Noticed a royal mummy
 54291 | Tomb:1   | Killed a royal mummy
 54357 | Tomb:3   | Entered Level 3 of the Tomb of the Ancients
 54379 | Tomb:3   | Noticed a royal mummy
 54383 | Tomb:3   | Killed a royal mummy
 54389 | Tomb:3   | Noticed a royal mummy
 54397 | Tomb:3   | Killed a royal mummy
 54402 | Tomb:3   | Noticed a royal mummy
 54413 | Tomb:3   | Noticed a royal mummy
 54419 | Tomb:3   | Killed a royal mummy
 54433 | Tomb:3   | Killed a royal mummy
 54464 | Tomb:3   | Noticed a royal mummy
 54465 | Tomb:3   | Noticed a royal mummy
 54475 | Tomb:3   | Killed a royal mummy
 54482 | Tomb:3   | Killed a royal mummy
 54488 | Tomb:3   | Noticed a royal mummy
 54497 | Tomb:3   | Killed a royal mummy
 54498 | Tomb:3   | Reached skill level 24 in Invocations
 54530 | Tomb:3   | Noticed a royal mummy
 54540 | Tomb:3   | Killed a royal mummy
 54542 | Tomb:3   | Noticed a royal mummy
 54544 | Tomb:3   | Got a sanguine gem with 1082 turns to spare
 54550 | Tomb:3   | Killed a royal mummy
 54570 | Tomb:3   | Got a golden rune of Zot
 55156 | Zot:5    | Got the Orb of Zot
 55382 | Depths:2 | Noticed a seraph
 55389 | Depths:2 | Killed a seraph
 55531 | D:10     | Noticed Meruhapp the pandemonium lord
 55544 | D:10     | Killed Meruhapp the pandemonium lord
 55798 | D:$      | Escaped with the Orb!

Illustrated notes

Levels and vault maps discovered:
D:1:      ldierk_walled_garden, layout_rooms,
          chequers_ecumenical_altar_simple_redux
D:2:      layout_basic, basic_altar, serial_shops, shop, uniq_robin
D:3:      layout_basic
D:4:      layout_loops_ring, zin_scriptorium, minmay_temple_entry_slanted
D:5:      layout_basic, lemuel_crystal_altar, serial_shops,
          nicolae_shop_bloodbath_and_beyond, uniq_pikel
D:6:      layout_loops_corners, kennysheep_decorative_pillar,
          minmay_misc_feat_plants, uniq_edmund, uniq_jeremiah, uniq_duvessa
D:7:      layout_loops_ring, lightli_temple_of_fire, serial_demonic,
          serial_demonic_g, serial_demonic_d, serial_demonic_g,
          serial_demonic_c, enter_bailey_3, minmay_misc_feat_four_crosses
D:8:      layout_basic
D:9:      layout_grid_maze
D:10:     layout_cave_pools, minmay_rotating_lava
D:11:     layout_irregular_city, david_lair_shrubbed, tso_altar
D:12:     layout_roguey, orc_0_dummy, minmay_evil_grid
D:13:     layout_basic, hellmonk_vaults_attempted_burglary, uniq_kirke,
          uniq_azrael
D:14:     layout_cave_pools, hellmonk_sif_muna_bookshelves,
          hangedman_decor_slide_cut
D:15:     hangedman_depths_entry_try_elsewhere_first, layout_basic,
          nicolae_kite_square_tiling_tiny, special_room [special_room_bee]
Temple:   hellmonk_temple_of_storms
Lair:1:   layout_cave_pods, uniq_grum
Lair:2:   layout_regular_city, minmay_swamp_entry_worms,
          spider_nest_entry_funnel_web, chequers_serial_rivers_marsh
Lair:3:   layout_regular_city, ebering_ghost_reflecting_pool,
          lemuel_centaur_altar, serial_bayou_shore_a, grunt_megastairs_1
Lair:4:   layout_hall_layers, serial_bayou_shore_b, lemuel_fruit_tree,
          uniq_sonja, uniq_rupert
Lair:5:   hangedman_lair_in_review, layout_misc_corridors,
          hangedman_lair_caniforms_friends, slime_entry_2, basic_altar
Swamp:1:  layout_basic_swamp, evilmike_swamp_ruin_house_4, swamp_pool_3
Swamp:2:  layout_basic_swamp, evilmike_swamp_ruin_house_2,
          nicolae_swamp_decorative_isthmus, nicolae_swamp_tree_isthmus,
          infiniplex_staircase_pool_2
Swamp:3:  layout_falls_marsh, ebering_ghost_disaster_area,
          nicolae_swamp_little_swirl
Swamp:4:  swamp, layout_basic_swamp, nicolae_swamp_feature_on_the_river_bank,
          infiniplex_staircase_pool
Spider:1: layout_spider_delve
Spider:2: layout_spider_delve
Spider:3: layout_spider_delve, hangedman_spider_tarantella_strand
Spider:4: grunt_spider_rune_parallel, gammafunk_ghost_split
Slime:1:  layout_caves, nicolae_slime_barrier
Slime:2:  layout_caves
Slime:3:  layout_caves
Slime:4:  layout_caves, nicolae_slime_getting_an_eyeful
Slime:5:  slime_pit_nicolae_royal_road_to_ruin
Orc:1:    layout_caves, ebering_ghost_rock_garden, uniq_maurice
Orc:2:    grunt_orc_tribal_feast, layout_caves, serial_shops, bzr_firewalk,
          uniq_josephine
Elf:1:    eino_elf_arrival_the_gate, layout_geoelf_octagon, serial_shops,
          nicolae_shop_overgrown_old_shop, minmay_elf_demonology,
          grunt_ministairs_15, billiards_dpeg, uniq_nikola
Elf:2:    nicolae_elf_blades_splatter_lattice [nicolae_blade_tridents],
          layout_geoelf_octagon
Elf:3:    grunt_elf_hall_asides, layout_gridlike, serial_shops,
          nicolae_book_shop_shelving, nicolae_elf_variegated_diamond
Vaults:1: nicolae_vaults_wine_cellar, nicolae_vaults_network_quinsquares
          [nicolae_vaults_network_quincunx_subvault,
          nicolae_vaults_network_quincunx_subvault,
          nicolae_vaults_network_quincunx_subvault,
          nicolae_vaults_network_quincunx_subvault], vaults_room_boxed,
          ontoclasm_vaults_eye, v_misc_8, nicolae_vaults_tetromino_Z_1,
          nicolae_vaults_tetromino_T_1, nicolae_vaults_tetromino_L_2,
          v_pattern_4, nicolae_vaults_trapezoid_2, layout_vaults_omnigrid
Vaults:2: nicolae_vaults_big_angled_halls, hangedman_vaults_capsules,
          nicolae_vaults_stairing_the_circle, st_cells,
          nicolae_vaults_little_squares_4, vaults_mumra_hex, vaults_dpeg_ring,
          vaults_standard_mumra_lines, nicolae_vaults_border_crossing,
          nicolae_vaults_double_plus_2, v_misc_22, hangedman_vaults_slice,
          nicolae_vaults_tetromino_T_1, layout_vaults_omnibox, serial_shops,
          shop
Vaults:3: minmay_crypt_entry_simple_box, grunt_vaults_swirl, v_misc_4,
          hangedman_vaults_hat, vaults_mumra_minichess,
          nicolae_vaults_closet_pinwheel_4, nicolae_vaults_angled_halls,
          vaults_dpeg_hooks, nicolae_vaults_storage_closets_3, st_more_cells,
          nicolae_vaults_little_squares_6, v_misc_13,
          nicolae_vaults_double_plus_1, layout_vaults_ring, serial_shops, shop
Vaults:4: hangedman_vaults_stitches, nicolae_vaults_little_squares_6,
          nicolae_vaults_spaceships, hangedman_vaults_snaps,
          nicolae_vaults_tetromino_L_1, vaults_standard_mumra_x,
          ontoclasm_vaults_pinch, nicolae_vaults_little_squares_2,
          nicolae_vaults_door_testing_chamber, nicolae_vaults_surprise_closet,
          layout_vaults_omnicross
Vaults:5
Crypt:1:  layout_rooms, grunt_megastairs_4, lemuel_upstairs_altar
Crypt:2:  layout_chaotic_city, nicolae_crypt_cryptocurrency, grunt_megastairs_2
Crypt:3:  david_glass_crypt, layout_chaotic_city,
          nicolae_tomb_entry_unfolded_pyramid_diagonal
Tomb:1
Tomb:2
Tomb:3
Depths:1: layout_forbidden_donut, hellmouth_1, hangedman_abyss_entry_splay,
          serial_library_hellmonk_open_cross, nicolae_zig_zag_zippers
Depths:2: minmay_the_grid_triangle_9x9_recursive_2_mashed
          [minmay_the_grid_triangle_9x9_prize_center,
          minmay_the_grid_triangle_9x9_cache,
          minmay_the_grid_triangle_9x9_swiss_cheese,
          minmay_the_grid_triangle_9x9_warning], layout_honeycomb,
          enter_ziggurat_c, rand_demon_pan_entry_9, kennysheep_path_1,
          lightli_too_deep, abyss_entry, nrook_loot_triangle,
          serial_bayou_shore_b, minmay_shop_grove
Depths:3: minmay_octo_star, layout_cross, minmay_room_of_horrors,
          pf_hell_entry_great_geh, enter_trove_3, serial_library,
          serial_library_hellmonk_big_corner,
          serial_library_hellmonk_narrow_alcove,
          serial_library_hellmonk_hallway_a,
          serial_library_hellmonk_long_bookcase, serial_library_hellmonk_room_a,
          serial_library_hellmonk_u_bend, lemuel_coloured_pillars_altar,
          infiniplex_staircase_door_maze
Depths:4: grunt_zot_entry_gee_three, layout_basic,
          hangedman_abyss_or_decor_jellyfish_corner, hell_entry,
          chequers_serial_rivers_marsh, nicolae_dithmenos_the_darkroom,
          uniq_mennas, uniq_jory, uniq_sojobo
Hell
Dis:1:    layout_gridville
Dis:2:    layout_overlapping_boxes, nicolae_dis_bowling_alley
Dis:3:    layout_subdivisions
Dis:4:    layout_subdivisions
Dis:5:    layout_regular_city
Dis:6:    hangedman_dis_decor_blocks_talon, layout_gridville
Dis:7:    iron_city_of_dis [dis_old, dis_wall_3], layout_gridville,
          nicolae_dis_step_into_the_octagon
Geh:1:    layout_gehenna_pools_basic
Geh:2:    nicolae_geh_gridlava [nicolae_sub_geh_gridintersect,
          nicolae_sub_geh_gridintersect, nicolae_sub_geh_gridintersect,
          nicolae_sub_geh_gridintersect], layout_gehenna_pools_box
Geh:3:    layout_gehenna_lava_caves
Geh:4:    layout_gehenna_lava_caves
Geh:5:    layout_gehenna_pools_basic
Geh:6:    layout_gehenna_pools_triple, nicolae_geh_lava_rosette
Geh:7:    geh_grunt
Coc:1:    layout_cocytus_water_paths
Coc:2:    layout_ice_bergs
Coc:3:    layout_cocytus_water_paths
Coc:4:    nicolae_coc_three_more_mouths, layout_ice_bergs
Coc:5:    layout_cocytus_water_paths
Coc:6:    layout_cocytus_delve
Coc:7:    coc_hangedman
Tar:1:    layout_grid_maze
Tar:2:    layout_cathedral_of_symmetry
Tar:3:    layout_grid_maze, nicolae_tar_spectre_spectrum
Tar:4:    nicolae_tar_funeral_procession, layout_cathedral_of_symmetry
Tar:5:    layout_cathedral_of_symmetry
Tar:6:    layout_grid_maze, nicolae_tar_windowcombs
Tar:7:    tar_grunt_cathedral
Zot:1:    layout_concentric_octagons, regret_index_zotdec_ex, uniq_parghit
Zot:2:    layout_basic, regret_index_zotdec_silver_v_v_loose,
          grunt_ministairs_13, zot_minivault_3
Zot:3:    layout_onion_interference, st_large_dragon_hoard_2
Zot:4:    layout_cellular_growth, zot_minivault_2, grunt_megastairs_3
Zot:5:    layout_concentric_octagons, gammafunk_ghost_cemetery

Skill      XL: |  1  2  3  4  5  6  7  8  9 10 11 12 13 14 15 16 17 18 19 20 21 22 23 24 25 26 27 |
---------------+----------------------------------------------------------------------------------+-----
Long Blades    | 3 4 5 6 7 9 10 12 13 14 15 16 | 16.0
Dodging        | 3 7 9 10 11 12 13 14 15 17 18 19 20 23 | 23.0
Fighting       | 4 8 10 12 13 14 15 16 17 18 19 20 23 | 23.0
Evocations     | 5 7 8 20 | 20.0
Spellcasting   | 4 5 6 8 10 11 | 11.0
Translocations | 5 6 8 10 11 12 16 | 16.0
Invocations    | 3 5 6 7 8 10 13 15 16 24 | 24.6
Armour         | 1 6 10 23 | 23.0
Shapeshifting  | 7 10 13 14 23 | 23.0
Short Blades   | 2 |  2.6
Earth Magic    | 5 |  5.0
Throwing       | |  0.8

Action                     |  1- 3 |  4- 6 |  7- 9 | 10-12 | 13-15 | 16-18 | 19-21 | 22-24 | 25-27 || total
---------------------------+-------+-------+-------+-------+-------+-------+-------+-------+-------++-------
  Melee: Falchion          |   112 |    16 |       |       |       |       |       |       |       ||   128
         Dagger            |    47 |   140 |   475 |  1342 |   927 |       |       |       |  3643 ||  6574
         Scimitar          |       |       |       |   105 |    78 |  1195 |   961 |  1011 |   266 ||  3616
         Double sword      |       |       |       |    29 |  1061 |  1240 |  1005 |  1091 |  5188 ||  9614
         Bite              |       |       |       |       |       |    49 |    34 |    38 |       ||   121
         Headbutt          |       |       |       |       |       |       |       |    75 |    45 ||   120
         Demon blade       |       |       |       |       |       |       |       |       |   649 ||   649
  Throw: Dart              |       |       |    10 |    16 |    17 |       |     3 |     1 |       ||    47
         Throwing net      |       |       |       |       |       |       |       |     1 |     3 ||     4
   Cast: Blink             |       |       |       |       |     5 |     1 |     3 |     3 |     3 ||    15
         Manifold Assault  |       |       |       |       |   116 |   523 |   419 |   448 |  1937 ||  3443
         Apportation       |       |       |       |       |       |       |    11 |     9 |    40 ||    60
         Vhi's Electric Ch |       |       |       |       |       |       |     1 |       |       ||     1
         Passwall          |       |       |       |       |       |       |       |       |     1 ||     1
 Invoke: Heroism           |       |       |       |     2 |     6 |       |       |       |       ||     8
         Receive Weapon    |       |       |       |     1 |       |       |       |       |       ||     1
         Receive Armour    |       |       |       |     1 |       |       |       |       |       ||     1
         Oozemancy         |       |       |       |       |       |       |     2 |       |     2 ||     4
         Slimify           |       |       |       |       |       |       |       |       |     9 ||     9
  Evoke: Wand              |       |       |    12 |    18 |    31 |    15 |     6 |     2 |    20 ||   104
         Lightning rod     |       |       |       |       |     2 |     2 |       |       |       ||     4
         Phantom mirror    |       |       |       |       |       |       |       |       |     8 ||     8
         Box of beasts     |       |       |       |       |       |       |       |       |     4 ||     4
    Use: Scroll            |       |     1 |    13 |     9 |    17 |    13 |     7 |     5 |    24 ||    89
         Potion            |       |       |     1 |     7 |     3 |     6 |     3 |     8 |    19 ||    47
   Stab: Sleeping          |       |     2 |       |     1 |     1 |     4 |     6 |       |     5 ||    19
         Petrified         |       |       |       |       |     6 |       |       |       |       ||     6
         Distracted        |       |       |       |       |       |     1 |     1 |       |     7 ||     9
         Confused          |       |       |       |       |       |       |     4 |    19 |     5 ||    28
         Held in net/web   |       |       |       |       |       |       |       |       |     3 ||     3
 Armour: Leather armour    |    99 |    36 |   119 |     6 |       |       |       |       |       ||   260
         Acid dragon scale |       |       |       |   195 |       |       |       |       |       ||   195
         Troll leather arm |       |       |       |   183 |   716 |   496 |   104 |       |       ||  1499
         Ring mail         |       |       |       |       |       |       |   153 |   180 |    55 ||   388
         Robe              |       |       |       |       |       |       |       |    50 |   450 ||   500
         Skin              |       |       |       |       |       |       |       |       |   583 ||   583
  Dodge: Dodged            |    76 |    41 |   119 |   439 |   871 |   782 |   375 |   482 |  2857 ||  6042
  Block: Other             |       |       |       |       |       |       |       |    13 |   140 ||   153
   Form: Death             |       |       |       |       |       |       |       |       |     4 ||     4
                           |       |       |       |       |       |       |       |       |     2 ||     2
         Statue            |       |       |       |       |       |       |       |       |     2 ||     2

Table legend: (Time is in decaauts)
 A = Elapsed time spent in this place.
 B = Non-inter-level travel time spent in this place.
 C = Inter-level travel time spent in this place.
 D = Time resting spent in this place.
 E = Time spent auto-exploring this place.
 F = Levels seen in this place.
 G = Mean time per level.
                   A        B        C        D        E       F      G
               +--------+--------+--------+--------+--------+-----+--------+
         Total |  56924 |  51501 |   5423 |   1536 |  28840 | 137 |  415.5 |
       Dungeon |  15493 |  14122 |   1371 |    665 |  10722 |  15 | 1032.9 |
        Temple |     10 |      5 |      5 |      0 |      0 |   1 |   10.0 |
          Lair |   6139 |   5444 |    695 |    188 |   3823 |   5 | 1227.8 |
         Swamp |   2666 |   2444 |    222 |     96 |   1764 |   4 |  666.5 |
   Spider Nest |   2411 |   2203 |    208 |      0 |   1213 |   4 |  602.8 |
    Slime Pits |    650 |    546 |    104 |      2 |    409 |   5 |  130.0 |
  Orcish Mines |   1463 |   1200 |    263 |    203 |    610 |   2 |  731.5 |
   Elven Halls |   2616 |   2484 |    132 |      4 |   1622 |   3 |  872.0 |
        Vaults |   5244 |   4729 |    515 |      0 |   3172 |   5 | 1048.8 |
         Crypt |   2230 |   1959 |    271 |      0 |   1296 |   3 |  743.3 |
          Tomb |    897 |    795 |    102 |      0 |      0 |   3 |  299.0 |
        Depths |   4365 |   3531 |    834 |    165 |   2292 |   4 | 1091.2 |
          Hell |    615 |    463 |    152 |      0 |    247 |   1 |  615.0 |
           Dis |    773 |    773 |      0 |      0 |      0 |   7 |  110.4 |
       Gehenna |    862 |    752 |    110 |      0 |     66 |   7 |  123.1 |
       Cocytus |    756 |    756 |      0 |      0 |     14 |   7 |  108.0 |
      Tartarus |    744 |    715 |     29 |      0 |    105 |   7 |  106.3 |
           Zot |   1411 |   1008 |    403 |      0 |    216 |   5 |  282.2 |
         Abyss |    831 |    831 |      0 |      0 |    484 |   3 |  277.0 |
   Pandemonium |   5807 |   5807 |      0 |    171 |    588 |  30 |  193.6 |
      Ziggurat |    440 |    440 |      0 |      2 |      0 |  14 |   31.4 |
        Bazaar |     93 |     93 |      0 |      0 |     78 |   1 |   93.0 |
        Bailey |    398 |    398 |      0 |     40 |    116 |   1 |  398.0 |
               +--------+--------+--------+--------+--------+-----+--------+

Top non-repeatable levels by time:
Depths:2: 1596 daAuts
  Lair:5: 1538 daAuts
     D:6: 1526 daAuts
Depths:4: 1521 daAuts
     D:5: 1502 daAuts
     D:9: 1429 daAuts
  Lair:3: 1332 daAuts
Vaults:1: 1226 daAuts
     D:7: 1186 daAuts
  Lair:2: 1164 daAuts
    D:13: 1154 daAuts
    D:12: 1138 daAuts
    D:11: 1087 daAuts
  Lair:1: 1084 daAuts
Vaults:5: 1052 daAuts
